Workbook

Sheet Dashboard
A1: Hotel Monthly Profit and Loss Dashboard
A2: Review monthly operating results, budget variances, and hotel performance indicators.
A4: Reporting Month | B4: 46174 | D4: Department View | E4: All Departments
A6: Total Revenue | D6: Gross Operating Profit | G6: GOP Margin | J6: Net Operating Income
A7: Actual | B7: =IFERROR('Monthly P&L'!C14,0) | D7: Actual | E7: =IFERROR('Monthly P&L'!C72,0) | G7: Actual | H7: =IFERROR('Monthly P&L'!C73,0) | J7: Actual | K7: =IFERROR('Monthly P&L'!C83,0)
A11: Occupancy | B11: =IFERROR(VLOOKUP($B$4,'Setup'!$A$16:$I$135,3,FALSE)/VLOOKUP($B$4,'Setup'!$A$16:$I$135,2,FALSE),0) | D11: Average Daily Rate | E11: =IFERROR(VLOOKUP($B$4,'Setup'!$A$16:$I$135,4,FALSE)/VLOOKUP($B$4,'Setup'!$A$16:$I$135,3,FALSE),0) | G11: Revenue per Available Room | H11: =IFERROR(VLOOKUP($B$4,'Setup'!$A$16:$I$135,4,FALSE)/VLOOKUP($B$4,'Setup'!$A$16:$I$135,2,FALSE),0) | J11: Labor Cost Percentage | K11: =IFERROR(VLOOKUP($B$4,'Setup'!$A$16:$I$135,6,FALSE)/'Monthly P&L'!C14,0)
A17: Selected-Month Summary
A18: Metric | B18: Actual | C18: Budget | D18: Variance $ | E18: Variance % | F18: Prior Month | G18: Change vs. Prior Month %
A19: Rooms Revenue | B19: =IFERROR('Monthly P&L'!C7,0) | C19: =IFERROR('Monthly P&L'!D7,0) | D19: =IFERROR(B19-C19,0) | E19: =IFERROR((B19-C19)/C19,0) | F19: =IFERROR('Monthly P&L'!G7,0) | G19: =IFERROR((B19-F19)/F19,0)
A20: Total Revenue | B20: =IFERROR('Monthly P&L'!C14,0) | C20: =IFERROR('Monthly P&L'!D14,0) | D20: =IFERROR(B20-C20,0) | E20: =IFERROR((B20-C20)/C20,0) | F20: =IFERROR('Monthly P&L'!G14,0) | G20: =IFERROR((B20-F20)/F20,0)
A21: Total Departmental Expenses | B21: =IFERROR('Monthly P&L'!C39,0) | C21: =IFERROR('Monthly P&L'!D39,0) | D21: =IFERROR(B21-C21,0) | E21: =IFERROR((B21-C21)/C21,0) | F21: =IFERROR('Monthly P&L'!G39,0) | G21: =IFERROR((B21-F21)/F21,0)
A22: Total Undistributed Operating Expenses | B22: =IFERROR('Monthly P&L'!C71,0) | C22: =IFERROR('Monthly P&L'!D71,0) | D22: =IFERROR(B22-C22,0) | E22: =IFERROR((B22-C22)/C22,0) | F22: =IFERROR('Monthly P&L'!G71,0) | G22: =IFERROR((B22-F22)/F22,0)
A23: Gross Operating Profit | B23: =IFERROR('Monthly P&L'!C72,0) | C23: =IFERROR('Monthly P&L'!D72,0) | D23: =IFERROR(B23-C23,0) | E23: =IFERROR((B23-C23)/C23,0) | F23: =IFERROR('Monthly P&L'!G72,0) | G23: =IFERROR((B23-F23)/F23,0)
A24: Total Fixed Charges | B24: =IFERROR('Monthly P&L'!C82,0) | C24: =IFERROR('Monthly P&L'!D82,0) | D24: =IFERROR(B24-C24,0) | E24: =IFERROR((B24-C24)/C24,0) | F24: =IFERROR('Monthly P&L'!G82,0) | G24: =IFERROR((B24-F24)/F24,0)
A25: Net Operating Income | B25: =IFERROR('Monthly P&L'!C83,0) | C25: =IFERROR('Monthly P&L'!D83,0) | D25: =IFERROR(B25-C25,0) | E25: =IFERROR((B25-C25)/C25,0) | F25: =IFERROR('Monthly P&L'!G83,0) | G25: =IFERROR((B25-F25)/F25,0)
D26: ="" | E26: ="" | G26: =""
D27: ="" | E27: ="" | G27: =""
D28: ="" | E28: ="" | G28: =""
D29: ="" | E29: ="" | G29: =""
A30: Operational Checks | D30: ="" | E30: ="" | G30: =""
A31: Monthly operations record | B31: =IF(COUNTIF('Setup'!$A$16:$A$135,$B$4)=0,"Review: Missing monthly operations record.","OK") | D31: ="" | E31: ="" | G31: =""
A32: Available room nights | B32: =IFERROR(IF(VLOOKUP($B$4,'Setup'!$A$16:$I$135,2,FALSE)=0,"Review: Available room nights is zero.","OK"),"Review: Missing monthly operations record.") | D32: ="" | E32: ="" | G32: =""
A33: Rooms sold capacity | B33: =IFERROR(IF(VLOOKUP($B$4,'Setup'!$A$16:$I$135,3,FALSE)>VLOOKUP($B$4,'Setup'!$A$16:$I$135,2,FALSE),"Review: Rooms sold exceeds capacity.","OK"),"Review: Missing monthly operations record.") | D33: ="" | E33: ="" | G33: =""
A34: Duplicate source references | B34: =IF(COUNTIF('Transactions'!$O$7:$O$506,"Duplicate source reference")>0,"Review: Duplicate source references found.","OK") | D34: ="" | E34: ="" | G34: =""
A35: P&L line mapping | B35: =IF(COUNTIF('Transactions'!$O$7:$O$506,"Missing P&L line")>0,"Review: Missing P&L lines found.","OK") | D35: ="" | E35: ="" | G35: =""
D36: ="" | E36: ="" | G36: =""
D37: ="" | E37: ="" | G37: =""
D38: ="" | E38: ="" | G38: =""
D39: ="" | E39: ="" | G39: =""
D40: ="" | E40: ="" | G40: =""
D41: ="" | E41: ="" | G41: =""
D42: ="" | E42: ="" | G42: =""
D43: ="" | E43: ="" | G43: =""
D44: ="" | E44: ="" | G44: =""
D45: ="" | E45: ="" | G45: =""
D46: ="" | E46: ="" | G46: =""
D47: ="" | E47: ="" | G47: =""
A48: Month | B48: Total Revenue | C48: Gross Operating Profit | D48: ="" | E48: Revenue Category | F48: Amount | G48: =""
A49: 46023 | B49: =IFERROR(SUMIFS('Transactions'!$I$7:$I$506,'Transactions'!$B$7:$B$506,$A49,'Transactions'!$C$7:$C$506,"Actual",'Transactions'!$E$7:$E$506,"Revenue"),0) | C49: =IFERROR(B49-SUMIFS('Transactions'!$I$7:$I$506,'Transactions'!$B$7:$B$506,$A49,'Transactions'!$C$7:$C$506,"Actual",'Transactions'!$E$7:$E$506,"Departmental Expense")-SUMIFS('Transactions'!$I$7:$I$506,'Transactions'!$B$7:$B$506,$A49,'Transactions'!$C$7:$C$506,"Actual",'Transactions'!$E$7:$E$506,"Undistributed Operating Expense"),0) | D49: ="" | E49: Rooms Revenue | F49: =IFERROR('Monthly P&L'!C7,0) | G49: =""
A50: 46054 | B50: =IFERROR(SUMIFS('Transactions'!$I$7:$I$506,'Transactions'!$B$7:$B$506,$A50,'Transactions'!$C$7:$C$506,"Actual",'Transactions'!$E$7:$E$506,"Revenue"),0) | C50: =IFERROR(B50-SUMIFS('Transactions'!$I$7:$I$506,'Transactions'!$B$7:$B$506,$A50,'Transactions'!$C$7:$C$506,"Actual",'Transactions'!$E$7:$E$506,"Departmental Expense")-SUMIFS('Transactions'!$I$7:$I$506,'Transactions'!$B$7:$B$506,$A50,'Transactions'!$C$7:$C$506,"Actual",'Transactions'!$E$7:$E$506,"Undistributed Operating Expense"),0) | D50: ="" | E50: Food Revenue | F50: =IFERROR('Monthly P&L'!C8,0) | G50: =""
A51: 46082 | B51: =IFERROR(SUMIFS('Transactions'!$I$7:$I$506,'Transactions'!$B$7:$B$506,$A51,'Transactions'!$C$7:$C$506,"Actual",'Transactions'!$E$7:$E$506,"Revenue"),0) | C51: =IFERROR(B51-SUMIFS('Transactions'!$I$7:$I$506,'Transactions'!$B$7:$B$506,$A51,'Transactions'!$C$7:$C$506,"Actual",'Transactions'!$E$7:$E$506,"Departmental Expense")-SUMIFS('Transactions'!$I$7:$I$506,'Transactions'!$B$7:$B$506,$A51,'Transactions'!$C$7:$C$506,"Actual",'Transactions'!$E$7:$E$506,"Undistributed Operating Expense"),0) | D51: ="" | E51: Beverage Revenue | F51: =IFERROR('Monthly P&L'!C9,0) | G51: =""
A52: 46113 | B52: =IFERROR(SUMIFS('Transactions'!$I$7:$I$506,'Transactions'!$B$7:$B$506,$A52,'Transactions'!$C$7:$C$506,"Actual",'Transactions'!$E$7:$E$506,"Revenue"),0) | C52: =IFERROR(B52-SUMIFS('Transactions'!$I$7:$I$506,'Transactions'!$B$7:$B$506,$A52,'Transactions'!$C$7:$C$506,"Actual",'Transactions'!$E$7:$E$506,"Departmental Expense")-SUMIFS('Transactions'!$I$7:$I$506,'Transactions'!$B$7:$B$506,$A52,'Transactions'!$C$7:$C$506,"Actual",'Transactions'!$E$7:$E$506,"Undistributed Operating Expense"),0) | D52: ="" | E52: ="" | F52: ="" | G52: =""
A53: 46143 | B53: =IFERROR(SUMIFS('Transactions'!$I$7:$I$506,'Transactions'!$B$7:$B$506,$A53,'Transactions'!$C$7:$C$506,"Actual",'Transactions'!$E$7:$E$506,"Revenue"),0) | C53: =IFERROR(B53-SUMIFS('Transactions'!$I$7:$I$506,'Transactions'!$B$7:$B$506,$A53,'Transactions'!$C$7:$C$506,"Actual",'Transactions'!$E$7:$E$506,"Departmental Expense")-SUMIFS('Transactions'!$I$7:$I$506,'Transactions'!$B$7:$B$506,$A53,'Transactions'!$C$7:$C$506,"Actual",'Transactions'!$E$7:$E$506,"Undistributed Operating Expense"),0) | D53: ="" | E53: ="" | F53: ="" | G53: =""
A54: 46174 | B54: =IFERROR(SUMIFS('Transactions'!$I$7:$I$506,'Transactions'!$B$7:$B$506,$A54,'Transactions'!$C$7:$C$506,"Actual",'Transactions'!$E$7:$E$506,"Revenue"),0) | C54: =IFERROR(B54-SUMIFS('Transactions'!$I$7:$I$506,'Transactions'!$B$7:$B$506,$A54,'Transactions'!$C$7:$C$506,"Actual",'Transactions'!$E$7:$E$506,"Departmental Expense")-SUMIFS('Transactions'!$I$7:$I$506,'Transactions'!$B$7:$B$506,$A54,'Transactions'!$C$7:$C$506,"Actual",'Transactions'!$E$7:$E$506,"Undistributed Operating Expense"),0) | D54: ="" | E54: ="" | F54: ="" | G54: =""
A55: 46204 | B55: =IFERROR(SUMIFS('Transactions'!$I$7:$I$506,'Transactions'!$B$7:$B$506,$A55,'Transactions'!$C$7:$C$506,"Actual",'Transactions'!$E$7:$E$506,"Revenue"),0) | C55: =IFERROR(B55-SUMIFS('Transactions'!$I$7:$I$506,'Transactions'!$B$7:$B$506,$A55,'Transactions'!$C$7:$C$506,"Actual",'Transactions'!$E$7:$E$506,"Departmental Expense")-SUMIFS('Transactions'!$I$7:$I$506,'Transactions'!$B$7:$B$506,$A55,'Transactions'!$C$7:$C$506,"Actual",'Transactions'!$E$7:$E$506,"Undistributed Operating Expense"),0) | D55: ="" | E55: ="" | F55: ="" | G55: =""
A56: 46235 | B56: =IFERROR(SUMIFS('Transactions'!$I$7:$I$506,'Transactions'!$B$7:$B$506,$A56,'Transactions'!$C$7:$C$506,"Actual",'Transactions'!$E$7:$E$506,"Revenue"),0) | C56: =IFERROR(B56-SUMIFS('Transactions'!$I$7:$I$506,'Transactions'!$B$7:$B$506,$A56,'Transactions'!$C$7:$C$506,"Actual",'Transactions'!$E$7:$E$506,"Departmental Expense")-SUMIFS('Transactions'!$I$7:$I$506,'Transactions'!$B$7:$B$506,$A56,'Transactions'!$C$7:$C$506,"Actual",'Transactions'!$E$7:$E$506,"Undistributed Operating Expense"),0) | D56: ="" | E56: ="" | F56: ="" | G56: =""
A57: 46266 | B57: =IFERROR(SUMIFS('Transactions'!$I$7:$I$506,'Transactions'!$B$7:$B$506,$A57,'Transactions'!$C$7:$C$506,"Actual",'Transactions'!$E$7:$E$506,"Revenue"),0) | C57: =IFERROR(B57-SUMIFS('Transactions'!$I$7:$I$506,'Transactions'!$B$7:$B$506,$A57,'Transactions'!$C$7:$C$506,"Actual",'Transactions'!$E$7:$E$506,"Departmental Expense")-SUMIFS('Transactions'!$I$7:$I$506,'Transactions'!$B$7:$B$506,$A57,'Transactions'!$C$7:$C$506,"Actual",'Transactions'!$E$7:$E$506,"Undistributed Operating Expense"),0) | D57: ="" | E57: ="" | F57: ="" | G57: =""
A58: 46296 | B58: =IFERROR(SUMIFS('Transactions'!$I$7:$I$506,'Transactions'!$B$7:$B$506,$A58,'Transactions'!$C$7:$C$506,"Actual",'Transactions'!$E$7:$E$506,"Revenue"),0) | C58: =IFERROR(B58-SUMIFS('Transactions'!$I$7:$I$506,'Transactions'!$B$7:$B$506,$A58,'Transactions'!$C$7:$C$506,"Actual",'Transactions'!$E$7:$E$506,"Departmental Expense")-SUMIFS('Transactions'!$I$7:$I$506,'Transactions'!$B$7:$B$506,$A58,'Transactions'!$C$7:$C$506,"Actual",'Transactions'!$E$7:$E$506,"Undistributed Operating Expense"),0) | D58: ="" | E58: ="" | F58: ="" | G58: =""
A59: 46327 | B59: =IFERROR(SUMIFS('Transactions'!$I$7:$I$506,'Transactions'!$B$7:$B$506,$A59,'Transactions'!$C$7:$C$506,"Actual",'Transactions'!$E$7:$E$506,"Revenue"),0) | C59: =IFERROR(B59-SUMIFS('Transactions'!$I$7:$I$506,'Transactions'!$B$7:$B$506,$A59,'Transactions'!$C$7:$C$506,"Actual",'Transactions'!$E$7:$E$506,"Departmental Expense")-SUMIFS('Transactions'!$I$7:$I$506,'Transactions'!$B$7:$B$506,$A59,'Transactions'!$C$7:$C$506,"Actual",'Transactions'!$E$7:$E$506,"Undistributed Operating Expense"),0) | D59: ="" | E59: ="" | F59: ="" | G59: =""
A60: 46357 | B60: =IFERROR(SUMIFS('Transactions'!$I$7:$I$506,'Transactions'!$B$7:$B$506,$A60,'Transactions'!$C$7:$C$506,"Actual",'Transactions'!$E$7:$E$506,"Revenue"),0) | C60: =IFERROR(B60-SUMIFS('Transactions'!$I$7:$I$506,'Transactions'!$B$7:$B$506,$A60,'Transactions'!$C$7:$C$506,"Actual",'Transactions'!$E$7:$E$506,"Departmental Expense")-SUMIFS('Transactions'!$I$7:$I$506,'Transactions'!$B$7:$B$506,$A60,'Transactions'!$C$7:$C$506,"Actual",'Transactions'!$E$7:$E$506,"Undistributed Operating Expense"),0) | D60: ="" | E60: ="" | F60: ="" | G60: =""
B61: ="" | C61: ="" | D61: ="" | E61: ="" | F61: ="" | G61: =""
B62: ="" | C62: ="" | D62: ="" | E62: ="" | F62: ="" | G62: =""
B63: ="" | C63: ="" | D63: ="" | E63: ="" | F63: ="" | G63: =""
B64: ="" | C64: ="" | D64: ="" | E64: ="" | F64: ="" | G64: =""
B65: ="" | C65: ="" | D65: ="" | E65: ="" | F65: ="" | G65: =""
B66: ="" | C66: ="" | D66: ="" | E66: ="" | F66: ="" | G66: =""
B67: ="" | C67: ="" | D67: ="" | E67: ="" | F67: ="" | G67: =""
B68: ="" | C68: ="" | D68: ="" | E68: ="" | F68: ="" | G68: =""
B69: ="" | C69: ="" | D69: ="" | E69: ="" | F69: ="" | G69: =""
B70: ="" | C70: ="" | D70: ="" | E70: ="" | F70: ="" | G70: =""
B71: ="" | C71: ="" | D71: ="" | E71: ="" | F71: ="" | G71: =""
B72: ="" | C72: ="" | D72: ="" | E72: ="" | F72: ="" | G72: =""
... B101: ="" | C101: ="" | D101: ="" | E101: ="" | F101: ="" | G101: =""

Sheet Monthly P&L
A1: Hotel Monthly Profit and Loss Statement
A2: Reporting Month | B2: =IFERROR('Dashboard'!$B$4,"") | D2: Department View | E2: =IFERROR('Dashboard'!$E$4,"")
A3: Amounts are based on records entered in the Transactions table. Revenue and expense amounts should be entered as positive values.
A5: P&L Section | B5: P&L Line | C5: Actual | D5: Budget | E5: Variance $ | F5: Variance % | G5: Prior Month Actual | H5: Change vs. Prior Month $ | I5: Change vs. Prior Month %
A6: Revenue
A7: Revenue | B7: Rooms Revenue | C7: =IFERROR(IF('Dashboard'!$E$4="All Departments",SUMIFS('Transactions'!$I$7:$I$506,'Transactions'!$B$7:$B$506,'Dashboard'!$B$4,'Transactions'!$C$7:$C$506,"Actual",'Transactions'!$F$7:$F$506,$B7),SUMIFS('Transactions'!$I$7:$I$506,'Transactions'!$B$7:$B$506,'Dashboard'!$B$4,'Transactions'!$C$7:$C$506,"Actual",'Transactions'!$F$7:$F$506,$B7,'Transactions'!$D$7:$D$506,'Dashboard'!$E$4)),0) | D7: =IFERROR(IF('Dashboard'!$E$4="All Departments",SUMIFS('Transactions'!$I$7:$I$506,'Transactions'!$B$7:$B$506,'Dashboard'!$B$4,'Transactions'!$C$7:$C$506,"Budget",'Transactions'!$F$7:$F$506,$B7),SUMIFS('Transactions'!$I$7:$I$506,'Transactions'!$B$7:$B$506,'Dashboard'!$B$4,'Transactions'!$C$7:$C$506,"Budget",'Transactions'!$F$7:$F$506,$B7,'Transactions'!$D$7:$D$506,'Dashboard'!$E$4)),0) | E7: =IFERROR(C7-D7,0) | F7: =IFERROR((C7-D7)/D7,0) | G7: =IFERROR(IF('Dashboard'!$E$4="All Departments",SUMIFS('Transactions'!$I$7:$I$506,'Transactions'!$B$7:$B$506,EDATE('Dashboard'!$B$4,-1),'Transactions'!$C$7:$C$506,"Actual",'Transactions'!$F$7:$F$506,$B7),SUMIFS('Transactions'!$I$7:$I$506,'Transactions'!$B$7:$B$506,EDATE('Dashboard'!$B$4,-1),'Transactions'!$C$7:$C$506,"Actual",'Transactions'!$F$7:$F$506,$B7,'Transactions'!$D$7:$D$506,'Dashboard'!$E$4)),0) | H7: =IFERROR(C7-G7,0) | I7: =IFERROR((C7-G7)/G7,0)
A8: Revenue | B8: Food Revenue | C8: =IFERROR(IF('Dashboard'!$E$4="All Departments",SUMIFS('Transactions'!$I$7:$I$506,'Transactions'!$B$7:$B$506,'Dashboard'!$B$4,'Transactions'!$C$7:$C$506,"Actual",'Transactions'!$F$7:$F$506,$B8),SUMIFS('Transactions'!$I$7:$I$506,'Transactions'!$B$7:$B$506,'Dashboard'!$B$4,'Transactions'!$C$7:$C$506,"Actual",'Transactions'!$F$7:$F$506,$B8,'Transactions'!$D$7:$D$506,'Dashboard'!$E$4)),0) | D8: =IFERROR(IF('Dashboard'!$E$4="All Departments",SUMIFS('Transactions'!$I$7:$I$506,'Transactions'!$B$7:$B$506,'Dashboard'!$B$4,'Transactions'!$C$7:$C$506,"Budget",'Transactions'!$F$7:$F$506,$B8),SUMIFS('Transactions'!$I$7:$I$506,'Transactions'!$B$7:$B$506,'Dashboard'!$B$4,'Transactions'!$C$7:$C$506,"Budget",'Transactions'!$F$7:$F$506,$B8,'Transactions'!$D$7:$D$506,'Dashboard'!$E$4)),0) | E8: =IFERROR(C8-D8,0) | F8: =IFERROR((C8-D8)/D8,0) | G8: =IFERROR(IF('Dashboard'!$E$4="All Departments",SUMIFS('Transactions'!$I$7:$I$506,'Transactions'!$B$7:$B$506,EDATE('Dashboard'!$B$4,-1),'Transactions'!$C$7:$C$506,"Actual",'Transactions'!$F$7:$F$506,$B8),SUMIFS('Transactions'!$I$7:$I$506,'Transactions'!$B$7:$B$506,EDATE('Dashboard'!$B$4,-1),'Transactions'!$C$7:$C$506,"Actual",'Transactions'!$F$7:$F$506,$B8,'Transactions'!$D$7:$D$506,'Dashboard'!$E$4)),0) | H8: =IFERROR(C8-G8,0) | I8: =IFERROR((C8-G8)/G8,0)
A9: Revenue | B9: Beverage Revenue | C9: =IFERROR(IF('Dashboard'!$E$4="All Departments",SUMIFS('Transactions'!$I$7:$I$506,'Transactions'!$B$7:$B$506,'Dashboard'!$B$4,'Transactions'!$C$7:$C$506,"Actual",'Transactions'!$F$7:$F$506,$B9),SUMIFS('Transactions'!$I$7:$I$506,'Transactions'!$B$7:$B$506,'Dashboard'!$B$4,'Transactions'!$C$7:$C$506,"Actual",'Transactions'!$F$7:$F$506,$B9,'Transactions'!$D$7:$D$506,'Dashboard'!$E$4)),0) | D9: =IFERROR(IF('Dashboard'!$E$4="All Departments",SUMIFS('Transactions'!$I$7:$I$506,'Transactions'!$B$7:$B$506,'Dashboard'!$B$4,'Transactions'!$C$7:$C$506,"Budget",'Transactions'!$F$7:$F$506,$B9),SUMIFS('Transactions'!$I$7:$I$506,'Transactions'!$B$7:$B$506,'Dashboard'!$B$4,'Transactions'!$C$7:$C$506,"Budget",'Transactions'!$F$7:$F$506,$B9,'Transactions'!$D$7:$D$506,'Dashboard'!$E$4)),0) | E9: =IFERROR(C9-D9,0) | F9: =IFERROR((C9-D9)/D9,0) | G9: =IFERROR(IF('Dashboard'!$E$4="All Departments",SUMIFS('Transactions'!$I$7:$I$506,'Transactions'!$B$7:$B$506,EDATE('Dashboard'!$B$4,-1),'Transactions'!$C$7:$C$506,"Actual",'Transactions'!$F$7:$F$506,$B9),SUMIFS('Transactions'!$I$7:$I$506,'Transactions'!$B$7:$B$506,EDATE('Dashboard'!$B$4,-1),'Transactions'!$C$7:$C$506,"Actual",'Transactions'!$F$7:$F$506,$B9,'Transactions'!$D$7:$D$506,'Dashboard'!$E$4)),0) | H9: =IFERROR(C9-G9,0) | I9: =IFERROR((C9-G9)/G9,0)
A10: Revenue | B10: Meeting Room Rental | C10: =IFERROR(IF('Dashboard'!$E$4="All Departments",SUMIFS('Transactions'!$I$7:$I$506,'Transactions'!$B$7:$B$506,'Dashboard'!$B$4,'Transactions'!$C$7:$C$506,"Actual",'Transactions'!$F$7:$F$506,$B10),SUMIFS('Transactions'!$I$7:$I$506,'Transactions'!$B$7:$B$506,'Dashboard'!$B$4,'Transactions'!$C$7:$C$506,"Actual",'Transactions'!$F$7:$F$506,$B10,'Transactions'!$D$7:$D$506,'Dashboard'!$E$4)),0) | D10: =IFERROR(IF('Dashboard'!$E$4="All Departments",SUMIFS('Transactions'!$I$7:$I$506,'Transactions'!$B$7:$B$506,'Dashboard'!$B$4,'Transactions'!$C$7:$C$506,"Budget",'Transactions'!$F$7:$F$506,$B10),SUMIFS('Transactions'!$I$7:$I$506,'Transactions'!$B$7:$B$506,'Dashboard'!$B$4,'Transactions'!$C$7:$C$506,"Budget",'Transactions'!$F$7:$F$506,$B10,'Transactions'!$D$7:$D$506,'Dashboard'!$E$4)),0) | E10: =IFERROR(C10-D10,0) | F10: =IFERROR((C10-D10)/D10,0) | G10: =IFERROR(IF('Dashboard'!$E$4="All Departments",SUMIFS('Transactions'!$I$7:$I$506,'Transactions'!$B$7:$B$506,EDATE('Dashboard'!$B$4,-1),'Transactions'!$C$7:$C$506,"Actual",'Transactions'!$F$7:$F$506,$B10),SUMIFS('Transactions'!$I$7:$I$506,'Transactions'!$B$7:$B$506,EDATE('Dashboard'!$B$4,-1),'Transactions'!$C$7:$C$506,"Actual",'Transactions'!$F$7:$F$506,$B10,'Transactions'!$D$7:$D$506,'Dashboard'!$E$4)),0) | H10: =IFERROR(C10-G10,0) | I10: =IFERROR((C10-G10)/G10,0)
A11: Revenue | B11: Resort or Amenity Revenue | C11: =IFERROR(IF('Dashboard'!$E$4="All Departments",SUMIFS('Transactions'!$I$7:$I$506,'Transactions'!$B$7:$B$506,'Dashboard'!$B$4,'Transactions'!$C$7:$C$506,"Actual",'Transactions'!$F$7:$F$506,$B11),SUMIFS('Transactions'!$I$7:$I$506,'Transactions'!$B$7:$B$506,'Dashboard'!$B$4,'Transactions'!$C$7:$C$506,"Actual",'Transactions'!$F$7:$F$506,$B11,'Transactions'!$D$7:$D$506,'Dashboard'!$E$4)),0) | D11: =IFERROR(IF('Dashboard'!$E$4="All Departments",SUMIFS('Transactions'!$I$7:$I$506,'Transactions'!$B$7:$B$506,'Dashboard'!$B$4,'Transactions'!$C$7:$C$506,"Budget",'Transactions'!$F$7:$F$506,$B11),SUMIFS('Transactions'!$I$7:$I$506,'Transactions'!$B$7:$B$506,'Dashboard'!$B$4,'Transactions'!$C$7:$C$506,"Budget",'Transactions'!$F$7:$F$506,$B11,'Transactions'!$D$7:$D$506,'Dashboard'!$E$4)),0) | E11: =IFERROR(C11-D11,0) | F11: =IFERROR((C11-D11)/D11,0) | G11: =IFERROR(IF('Dashboard'!$E$4="All Departments",SUMIFS('Transactions'!$I$7:$I$506,'Transactions'!$B$7:$B$506,EDATE('Dashboard'!$B$4,-1),'Transactions'!$C$7:$C$506,"Actual",'Transactions'!$F$7:$F$506,$B11),SUMIFS('Transactions'!$I$7:$I$506,'Transactions'!$B$7:$B$506,EDATE('Dashboard'!$B$4,-1),'Transactions'!$C$7:$C$506,"Actual",'Transactions'!$F$7:$F$506,$B11,'Transactions'!$D$7:$D$506,'Dashboard'!$E$4)),0) | H11: =IFERROR(C11-G11,0) | I11: =IFERROR((C11-G11)/G11,0)
A12: Revenue | B12: Parking Revenue | C12: =IFERROR(IF('Dashboard'!$E$4="All Departments",SUMIFS('Transactions'!$I$7:$I$506,'Transactions'!$B$7:$B$506,'Dashboard'!$B$4,'Transactions'!$C$7:$C$506,"Actual",'Transactions'!$F$7:$F$506,$B12),SUMIFS('Transactions'!$I$7:$I$506,'Transactions'!$B$7:$B$506,'Dashboard'!$B$4,'Transactions'!$C$7:$C$506,"Actual",'Transactions'!$F$7:$F$506,$B12,'Transactions'!$D$7:$D$506,'Dashboard'!$E$4)),0) | D12: =IFERROR(IF('Dashboard'!$E$4="All Departments",SUMIFS('Transactions'!$I$7:$I$506,'Transactions'!$B$7:$B$506,'Dashboard'!$B$4,'Transactions'!$C$7:$C$506,"Budget",'Transactions'!$F$7:$F$506,$B12),SUMIFS('Transactions'!$I$7:$I$506,'Transactions'!$B$7:$B$506,'Dashboard'!$B$4,'Transactions'!$C$7:$C$506,"Budget",'Transactions'!$F$7:$F$506,$B12,'Transactions'!$D$7:$D$506,'Dashboard'!$E$4)),0) | E12: =IFERROR(C12-D12,0) | F12: =IFERROR((C12-D12)/D12,0) | G12: =IFERROR(IF('Dashboard'!$E$4="All Departments",SUMIFS('Transactions'!$I$7:$I$506,'Transactions'!$B$7:$B$506,EDATE('Dashboard'!$B$4,-1),'Transactions'!$C$7:$C$506,"Actual",'Transactions'!$F$7:$F$506,$B12),SUMIFS('Transactions'!$I$7:$I$506,'Transactions'!$B$7:$B$506,EDATE('Dashboard'!$B$4,-1),'Transactions'!$C$7:$C$506,"Actual",'Transactions'!$F$7:$F$506,$B12,'Transactions'!$D$7:$D$506,'Dashboard'!$E$4)),0) | H12: =IFERROR(C12-G12,0) | I12: =IFERROR((C12-G12)/G12,0)
A13: Revenue | B13: Other Operating Revenue | C13: =IFERROR(IF('Dashboard'!$E$4="All Departments",SUMIFS('Transactions'!$I$7:$I$506,'Transactions'!$B$7:$B$506,'Dashboard'!$B$4,'Transactions'!$C$7:$C$506,"Actual",'Transactions'!$F$7:$F$506,$B13),SUMIFS('Transactions'!$I$7:$I$506,'Transactions'!$B$7:$B$506,'Dashboard'!$B$4,'Transactions'!$C$7:$C$506,"Actual",'Transactions'!$F$7:$F$506,$B13,'Transactions'!$D$7:$D$506,'Dashboard'!$E$4)),0) | D13: =IFERROR(IF('Dashboard'!$E$4="All Departments",SUMIFS('Transactions'!$I$7:$I$506,'Transactions'!$B$7:$B$506,'Dashboard'!$B$4,'Transactions'!$C$7:$C$506,"Budget",'Transactions'!$F$7:$F$506,$B13),SUMIFS('Transactions'!$I$7:$I$506,'Transactions'!$B$7:$B$506,'Dashboard'!$B$4,'Transactions'!$C$7:$C$506,"Budget",'Transactions'!$F$7:$F$506,$B13,'Transactions'!$D$7:$D$506,'Dashboard'!$E$4)),0) | E13: =IFERROR(C13-D13,0) | F13: =IFERROR((C13-D13)/D13,0) | G13: =IFERROR(IF('Dashboard'!$E$4="All Departments",SUMIFS('Transactions'!$I$7:$I$506,'Transactions'!$B$7:$B$506,EDATE('Dashboard'!$B$4,-1),'Transactions'!$C$7:$C$506,"Actual",'Transactions'!$F$7:$F$506,$B13),SUMIFS('Transactions'!$I$7:$I$506,'Transactions'!$B$7:$B$506,EDATE('Dashboard'!$B$4,-1),'Transactions'!$C$7:$C$506,"Actual",'Transactions'!$F$7:$F$506,$B13,'Transactions'!$D$7:$D$506,'Dashboard'!$E$4)),0) | H13: =IFERROR(C13-G13,0) | I13: =IFERROR((C13-G13)/G13,0)
A14: Revenue | B14: Total Revenue | C14: =IFERROR(SUM(C7,C8,C9,C10,C11,C12,C13),0) | D14: =IFERROR(SUM(D7,D8,D9,D10,D11,D12,D13),0) | E14: =IFERROR(C14-D14,0) | F14: =IFERROR((C14-D14)/D14,0) | G14: =IFERROR(SUM(G7,G8,G9,G10,G11,G12,G13),0) | H14: =IFERROR(C14-G14,0) | I14: =IFERROR((C14-G14)/G14,0)
A15: Departmental Expenses
A16: Rooms Department
A17: Rooms Department | B17: Rooms Payroll | C17: =IFERROR(IF('Dashboard'!$E$4="All Departments",SUMIFS('Transactions'!$I$7:$I$506,'Transactions'!$B$7:$B$506,'Dashboard'!$B$4,'Transactions'!$C$7:$C$506,"Actual",'Transactions'!$F$7:$F$506,$B17),SUMIFS('Transactions'!$I$7:$I$506,'Transactions'!$B$7:$B$506,'Dashboard'!$B$4,'Transactions'!$C$7:$C$506,"Actual",'Transactions'!$F$7:$F$506,$B17,'Transactions'!$D$7:$D$506,'Dashboard'!$E$4)),0) | D17: =IFERROR(IF('Dashboard'!$E$4="All Departments",SUMIFS('Transactions'!$I$7:$I$506,'Transactions'!$B$7:$B$506,'Dashboard'!$B$4,'Transactions'!$C$7:$C$506,"Budget",'Transactions'!$F$7:$F$506,$B17),SUMIFS('Transactions'!$I$7:$I$506,'Transactions'!$B$7:$B$506,'Dashboard'!$B$4,'Transactions'!$C$7:$C$506,"Budget",'Transactions'!$F$7:$F$506,$B17,'Transactions'!$D$7:$D$506,'Dashboard'!$E$4)),0) | E17: =IFERROR(D17-C17,0) | F17: =IFERROR((D17-C17)/D17,0) | G17: =IFERROR(IF('Dashboard'!$E$4="All Departments",SUMIFS('Transactions'!$I$7:$I$506,'Transactions'!$B$7:$B$506,EDATE('Dashboard'!$B$4,-1),'Transactions'!$C$7:$C$506,"Actual",'Transactions'!$F$7:$F$506,$B17),SUMIFS('Transactions'!$I$7:$I$506,'Transactions'!$B$7:$B$506,EDATE('Dashboard'!$B$4,-1),'Transactions'!$C$7:$C$506,"Actual",'Transactions'!$F$7:$F$506,$B17,'Transactions'!$D$7:$D$506,'Dashboard'!$E$4)),0) | H17: =IFERROR(G17-C17,0) | I17: =IFERROR((G17-C17)/G17,0)
A18: Rooms Department | B18: Rooms Payroll Taxes and Benefits | C18: =IFERROR(IF('Dashboard'!$E$4="All Departments",SUMIFS('Transactions'!$I$7:$I$506,'Transactions'!$B$7:$B$506,'Dashboard'!$B$4,'Transactions'!$C$7:$C$506,"Actual",'Transactions'!$F$7:$F$506,$B18),SUMIFS('Transactions'!$I$7:$I$506,'Transactions'!$B$7:$B$506,'Dashboard'!$B$4,'Transactions'!$C$7:$C$506,"Actual",'Transactions'!$F$7:$F$506,$B18,'Transactions'!$D$7:$D$506,'Dashboard'!$E$4)),0) | D18: =IFERROR(IF('Dashboard'!$E$4="All Departments",SUMIFS('Transactions'!$I$7:$I$506,'Transactions'!$B$7:$B$506,'Dashboard'!$B$4,'Transactions'!$C$7:$C$506,"Budget",'Transactions'!$F$7:$F$506,$B18),SUMIFS('Transactions'!$I$7:$I$506,'Transactions'!$B$7:$B$506,'Dashboard'!$B$4,'Transactions'!$C$7:$C$506,"Budget",'Transactions'!$F$7:$F$506,$B18,'Transactions'!$D$7:$D$506,'Dashboard'!$E$4)),0) | E18: =IFERROR(D18-C18,0) | F18: =IFERROR((D18-C18)/D18,0) | G18: =IFERROR(IF('Dashboard'!$E$4="All Departments",SUMIFS('Transactions'!$I$7:$I$506,'Transactions'!$B$7:$B$506,EDATE('Dashboard'!$B$4,-1),'Transactions'!$C$7:$C$506,"Actual",'Transactions'!$F$7:$F$506,$B18),SUMIFS('Transactions'!$I$7:$I$506,'Transactions'!$B$7:$B$506,EDATE('Dashboard'!$B$4,-1),'Transactions'!$C$7:$C$506,"Actual",'Transactions'!$F$7:$F$506,$B18,'Transactions'!$D$7:$D$506,'Dashboard'!$E$4)),0) | H18: =IFERROR(G18-C18,0) | I18: =IFERROR((G18-C18)/G18,0)
A19: Rooms Department | B19: Guest Supplies | C19: =IFERROR(IF('Dashboard'!$E$4="All Departments",SUMIFS('Transactions'!$I$7:$I$506,'Transactions'!$B$7:$B$506,'Dashboard'!$B$4,'Transactions'!$C$7:$C$506,"Actual",'Transactions'!$F$7:$F$506,$B19),SUMIFS('Transactions'!$I$7:$I$506,'Transactions'!$B$7:$B$506,'Dashboard'!$B$4,'Transactions'!$C$7:$C$506,"Actual",'Transactions'!$F$7:$F$506,$B19,'Transactions'!$D$7:$D$506,'Dashboard'!$E$4)),0) | D19: =IFERROR(IF('Dashboard'!$E$4="All Departments",SUMIFS('Transactions'!$I$7:$I$506,'Transactions'!$B$7:$B$506,'Dashboard'!$B$4,'Transactions'!$C$7:$C$506,"Budget",'Transactions'!$F$7:$F$506,$B19),SUMIFS('Transactions'!$I$7:$I$506,'Transactions'!$B$7:$B$506,'Dashboard'!$B$4,'Transactions'!$C$7:$C$506,"Budget",'Transactions'!$F$7:$F$506,$B19,'Transactions'!$D$7:$D$506,'Dashboard'!$E$4)),0) | E19: =IFERROR(D19-C19,0) | F19: =IFERROR((D19-C19)/D19,0) | G19: =IFERROR(IF('Dashboard'!$E$4="All Departments",SUMIFS('Transactions'!$I$7:$I$506,'Transactions'!$B$7:$B$506,EDATE('Dashboard'!$B$4,-1),'Transactions'!$C$7:$C$506,"Actual",'Transactions'!$F$7:$F$506,$B19),SUMIFS('Transactions'!$I$7:$I$506,'Transactions'!$B$7:$B$506,EDATE('Dashboard'!$B$4,-1),'Transactions'!$C$7:$C$506,"Actual",'Transactions'!$F$7:$F$506,$B19,'Transactions'!$D$7:$D$506,'Dashboard'!$E$4)),0) | H19: =IFERROR(G19-C19,0) | I19: =IFERROR((G19-C19)/G19,0)
A20: Rooms Department | B20: Linen and Laundry | C20: =IFERROR(IF('Dashboard'!$E$4="All Departments",SUMIFS('Transactions'!$I$7:$I$506,'Transactions'!$B$7:$B$506,'Dashboard'!$B$4,'Transactions'!$C$7:$C$506,"Actual",'Transactions'!$F$7:$F$506,$B20),SUMIFS('Transactions'!$I$7:$I$506,'Transactions'!$B$7:$B$506,'Dashboard'!$B$4,'Transactions'!$C$7:$C$506,"Actual",'Transactions'!$F$7:$F$506,$B20,'Transactions'!$D$7:$D$506,'Dashboard'!$E$4)),0) | D20: =IFERROR(IF('Dashboard'!$E$4="All Departments",SUMIFS('Transactions'!$I$7:$I$506,'Transactions'!$B$7:$B$506,'Dashboard'!$B$4,'Transactions'!$C$7:$C$506,"Budget",'Transactions'!$F$7:$F$506,$B20),SUMIFS('Transactions'!$I$7:$I$506,'Transactions'!$B$7:$B$506,'Dashboard'!$B$4,'Transactions'!$C$7:$C$506,"Budget",'Transactions'!$F$7:$F$506,$B20,'Transactions'!$D$7:$D$506,'Dashboard'!$E$4)),0) | E20: =IFERROR(D20-C20,0) | F20: =IFERROR((D20-C20)/D20,0) | G20: =IFERROR(IF('Dashboard'!$E$4="All Departments",SUMIFS('Transactions'!$I$7:$I$506,'Transactions'!$B$7:$B$506,EDATE('Dashboard'!$B$4,-1),'Transactions'!$C$7:$C$506,"Actual",'Transactions'!$F$7:$F$506,$B20),SUMIFS('Transactions'!$I$7:$I$506,'Transactions'!$B$7:$B$506,EDATE('Dashboard'!$B$4,-1),'Transactions'!$C$7:$C$506,"Actual",'Transactions'!$F$7:$F$506,$B20,'Transactions'!$D$7:$D$506,'Dashboard'!$E$4)),0) | H20: =IFERROR(G20-C20,0) | I20: =IFERROR((G20-C20)/G20,0)
A21: Rooms Department | B21: Reservation and Distribution Fees | C21: =IFERROR(IF('Dashboard'!$E$4="All Departments",SUMIFS('Transactions'!$I$7:$I$506,'Transactions'!$B$7:$B$506,'Dashboard'!$B$4,'Transactions'!$C$7:$C$506,"Actual",'Transactions'!$F$7:$F$506,$B21),SUMIFS('Transactions'!$I$7:$I$506,'Transactions'!$B$7:$B$506,'Dashboard'!$B$4,'Transactions'!$C$7:$C$506,"Actual",'Transactions'!$F$7:$F$506,$B21,'Transactions'!$D$7:$D$506,'Dashboard'!$E$4)),0) | D21: =IFERROR(IF('Dashboard'!$E$4="All Departments",SUMIFS('Transactions'!$I$7:$I$506,'Transactions'!$B$7:$B$506,'Dashboard'!$B$4,'Transactions'!$C$7:$C$506,"Budget",'Transactions'!$F$7:$F$506,$B21),SUMIFS('Transactions'!$I$7:$I$506,'Transactions'!$B$7:$B$506,'Dashboard'!$B$4,'Transactions'!$C$7:$C$506,"Budget",'Transactions'!$F$7:$F$506,$B21,'Transactions'!$D$7:$D$506,'Dashboard'!$E$4)),0) | E21: =IFERROR(D21-C21,0) | F21: =IFERROR((D21-C21)/D21,0) | G21: =IFERROR(IF('Dashboard'!$E$4="All Departments",SUMIFS('Transactions'!$I$7:$I$506,'Transactions'!$B$7:$B$506,EDATE('Dashboard'!$B$4,-1),'Transactions'!$C$7:$C$506,"Actual",'Transactions'!$F$7:$F$506,$B21),SUMIFS('Transactions'!$I$7:$I$506,'Transactions'!$B$7:$B$506,EDATE('Dashboard'!$B$4,-1),'Transactions'!$C$7:$C$506,"Actual",'Transactions'!$F$7:$F$506,$B21,'Transactions'!$D$7:$D$506,'Dashboard'!$E$4)),0) | H21: =IFERROR(G21-C21,0) | I21: =IFERROR((G21-C21)/G21,0)
A22: Rooms Department | B22: Complimentary Guest Services | C22: =IFERROR(IF('Dashboard'!$E$4="All Departments",SUMIFS('Transactions'!$I$7:$I$506,'Transactions'!$B$7:$B$506,'Dashboard'!$B$4,'Transactions'!$C$7:$C$506,"Actual",'Transactions'!$F$7:$F$506,$B22),SUMIFS('Transactions'!$I$7:$I$506,'Transactions'!$B$7:$B$506,'Dashboard'!$B$4,'Transactions'!$C$7:$C$506,"Actual",'Transactions'!$F$7:$F$506,$B22,'Transactions'!$D$7:$D$506,'Dashboard'!$E$4)),0) | D22: =IFERROR(IF('Dashboard'!$E$4="All Departments",SUMIFS('Transactions'!$I$7:$I$506,'Transactions'!$B$7:$B$506,'Dashboard'!$B$4,'Transactions'!$C$7:$C$506,"Budget",'Transactions'!$F$7:$F$506,$B22),SUMIFS('Transactions'!$I$7:$I$506,'Transactions'!$B$7:$B$506,'Dashboard'!$B$4,'Transactions'!$C$7:$C$506,"Budget",'Transactions'!$F$7:$F$506,$B22,'Transactions'!$D$7:$D$506,'Dashboard'!$E$4)),0) | E22: =IFERROR(D22-C22,0) | F22: =IFERROR((D22-C22)/D22,0) | G22: =IFERROR(IF('Dashboard'!$E$4="All Departments",SUMIFS('Transactions'!$I$7:$I$506,'Transactions'!$B$7:$B$506,EDATE('Dashboard'!$B$4,-1),'Transactions'!$C$7:$C$506,"Actual",'Transactions'!$F$7:$F$506,$B22),SUMIFS('Transactions'!$I$7:$I$506,'Transactions'!$B$7:$B$506,EDATE('Dashboard'!$B$4,-1),'Transactions'!$C$7:$C$506,"Actual",'Transactions'!$F$7:$F$506,$B22,'Transactions'!$D$7:$D$506,'Dashboard'!$E$4)),0) | H22: =IFERROR(G22-C22,0) | I22: =IFERROR((G22-C22)/G22,0)
A23: Rooms Department | B23: Other Rooms Expense | C23: =IFERROR(IF('Dashboard'!$E$4="All Departments",SUMIFS('Transactions'!$I$7:$I$506,'Transactions'!$B$7:$B$506,'Dashboard'!$B$4,'Transactions'!$C$7:$C$506,"Actual",'Transactions'!$F$7:$F$506,$B23),SUMIFS('Transactions'!$I$7:$I$506,'Transactions'!$B$7:$B$506,'Dashboard'!$B$4,'Transactions'!$C$7:$C$506,"Actual",'Transactions'!$F$7:$F$506,$B23,'Transactions'!$D$7:$D$506,'Dashboard'!$E$4)),0) | D23: =IFERROR(IF('Dashboard'!$E$4="All Departments",SUMIFS('Transactions'!$I$7:$I$506,'Transactions'!$B$7:$B$506,'Dashboard'!$B$4,'Transactions'!$C$7:$C$506,"Budget",'Transactions'!$F$7:$F$506,$B23),SUMIFS('Transactions'!$I$7:$I$506,'Transactions'!$B$7:$B$506,'Dashboard'!$B$4,'Transactions'!$C$7:$C$506,"Budget",'Transactions'!$F$7:$F$506,$B23,'Transactions'!$D$7:$D$506,'Dashboard'!$E$4)),0) | E23: =IFERROR(D23-C23,0) | F23: =IFERROR((D23-C23)/D23,0) | G23: =IFERROR(IF('Dashboard'!$E$4="All Departments",SUMIFS('Transactions'!$I$7:$I$506,'Transactions'!$B$7:$B$506,EDATE('Dashboard'!$B$4,-1),'Transactions'!$C$7:$C$506,"Actual",'Transactions'!$F$7:$F$506,$B23),SUMIFS('Transactions'!$I$7:$I$506,'Transactions'!$B$7:$B$506,EDATE('Dashboard'!$B$4,-1),'Transactions'!$C$7:$C$506,"Actual",'Transactions'!$F$7:$F$506,$B23,'Transactions'!$D$7:$D$506,'Dashboard'!$E$4)),0) | H23: =IFERROR(G23-C23,0) | I23: =IFERROR((G23-C23)/G23,0)
A24: Rooms Department | B24: Total Rooms Department Expense | C24: =IFERROR(SUM(C17,C18,C19,C20,C21,C22,C23),0) | D24: =IFERROR(SUM(D17,D18,D19,D20,D21,D22,D23),0) | E24: =IFERROR(D24-C24,0) | F24: =IFERROR((D24-C24)/D24,0) | G24: =IFERROR(SUM(G17,G18,G19,G20,G21,G22,G23),0) | H24: =IFERROR(G24-C24,0) | I24: =IFERROR((G24-C24)/G24,0)
A25: Food & Beverage Department
A26: Food & Beverage Department | B26: Food Cost | C26: =IFERROR(IF('Dashboard'!$E$4="All Departments",SUMIFS('Transactions'!$I$7:$I$506,'Transactions'!$B$7:$B$506,'Dashboard'!$B$4,'Transactions'!$C$7:$C$506,"Actual",'Transactions'!$F$7:$F$506,$B26),SUMIFS('Transactions'!$I$7:$I$506,'Transactions'!$B$7:$B$506,'Dashboard'!$B$4,'Transactions'!$C$7:$C$506,"Actual",'Transactions'!$F$7:$F$506,$B26,'Transactions'!$D$7:$D$506,'Dashboard'!$E$4)),0) | D26: =IFERROR(IF('Dashboard'!$E$4="All Departments",SUMIFS('Transactions'!$I$7:$I$506,'Transactions'!$B$7:$B$506,'Dashboard'!$B$4,'Transactions'!$C$7:$C$506,"Budget",'Transactions'!$F$7:$F$506,$B26),SUMIFS('Transactions'!$I$7:$I$506,'Transactions'!$B$7:$B$506,'Dashboard'!$B$4,'Transactions'!$C$7:$C$506,"Budget",'Transactions'!$F$7:$F$506,$B26,'Transactions'!$D$7:$D$506,'Dashboard'!$E$4)),0) | E26: =IFERROR(D26-C26,0) | F26: =IFERROR((D26-C26)/D26,0) | G26: =IFERROR(IF('Dashboard'!$E$4="All Departments",SUMIFS('Transactions'!$I$7:$I$506,'Transactions'!$B$7:$B$506,EDATE('Dashboard'!$B$4,-1),'Transactions'!$C$7:$C$506,"Actual",'Transactions'!$F$7:$F$506,$B26),SUMIFS('Transactions'!$I$7:$I$506,'Transactions'!$B$7:$B$506,EDATE('Dashboard'!$B$4,-1),'Transactions'!$C$7:$C$506,"Actual",'Transactions'!$F$7:$F$506,$B26,'Transactions'!$D$7:$D$506,'Dashboard'!$E$4)),0) | H26: =IFERROR(G26-C26,0) | I26: =IFERROR((G26-C26)/G26,0)
A27: Food & Beverage Department | B27: Beverage Cost | C27: =IFERROR(IF('Dashboard'!$E$4="All Departments",SUMIFS('Transactions'!$I$7:$I$506,'Transactions'!$B$7:$B$506,'Dashboard'!$B$4,'Transactions'!$C$7:$C$506,"Actual",'Transactions'!$F$7:$F$506,$B27),SUMIFS('Transactions'!$I$7:$I$506,'Transactions'!$B$7:$B$506,'Dashboard'!$B$4,'Transactions'!$C$7:$C$506,"Actual",'Transactions'!$F$7:$F$506,$B27,'Transactions'!$D$7:$D$506,'Dashboard'!$E$4)),0) | D27: =IFERROR(IF('Dashboard'!$E$4="All Departments",SUMIFS('Transactions'!$I$7:$I$506,'Transactions'!$B$7:$B$506,'Dashboard'!$B$4,'Transactions'!$C$7:$C$506,"Budget",'Transactions'!$F$7:$F$506,$B27),SUMIFS('Transactions'!$I$7:$I$506,'Transactions'!$B$7:$B$506,'Dashboard'!$B$4,'Transactions'!$C$7:$C$506,"Budget",'Transactions'!$F$7:$F$506,$B27,'Transactions'!$D$7:$D$506,'Dashboard'!$E$4)),0) | E27: =IFERROR(D27-C27,0) | F27: =IFERROR((D27-C27)/D27,0) | G27: =IFERROR(IF('Dashboard'!$E$4="All Departments",SUMIFS('Transactions'!$I$7:$I$506,'Transactions'!$B$7:$B$506,EDATE('Dashboard'!$B$4,-1),'Transactions'!$C$7:$C$506,"Actual",'Transactions'!$F$7:$F$506,$B27),SUMIFS('Transactions'!$I$7:$I$506,'Transactions'!$B$7:$B$506,EDATE('Dashboard'!$B$4,-1),'Transactions'!$C$7:$C$506,"Actual",'Transactions'!$F$7:$F$506,$B27,'Transactions'!$D$7:$D$506,'Dashboard'!$E$4)),0) | H27: =IFERROR(G27-C27,0) | I27: =IFERROR((G27-C27)/G27,0)
A28: Food & Beverage Department | B28: Food & Beverage Payroll | C28: =IFERROR(IF('Dashboard'!$E$4="All Departments",SUMIFS('Transactions'!$I$7:$I$506,'Transactions'!$B$7:$B$506,'Dashboard'!$B$4,'Transactions'!$C$7:$C$506,"Actual",'Transactions'!$F$7:$F$506,$B28),SUMIFS('Transactions'!$I$7:$I$506,'Transactions'!$B$7:$B$506,'Dashboard'!$B$4,'Transactions'!$C$7:$C$506,"Actual",'Transactions'!$F$7:$F$506,$B28,'Transactions'!$D$7:$D$506,'Dashboard'!$E$4)),0) | D28: =IFERROR(IF('Dashboard'!$E$4="All Departments",SUMIFS('Transactions'!$I$7:$I$506,'Transactions'!$B$7:$B$506,'Dashboard'!$B$4,'Transactions'!$C$7:$C$506,"Budget",'Transactions'!$F$7:$F$506,$B28),SUMIFS('Transactions'!$I$7:$I$506,'Transactions'!$B$7:$B$506,'Dashboard'!$B$4,'Transactions'!$C$7:$C$506,"Budget",'Transactions'!$F$7:$F$506,$B28,'Transactions'!$D$7:$D$506,'Dashboard'!$E$4)),0) | E28: =IFERROR(D28-C28,0) | F28: =IFERROR((D28-C28)/D28,0) | G28: =IFERROR(IF('Dashboard'!$E$4="All Departments",SUMIFS('Transactions'!$I$7:$I$506,'Transactions'!$B$7:$B$506,EDATE('Dashboard'!$B$4,-1),'Transactions'!$C$7:$C$506,"Actual",'Transactions'!$F$7:$F$506,$B28),SUMIFS('Transactions'!$I$7:$I$506,'Transactions'!$B$7:$B$506,EDATE('Dashboard'!$B$4,-1),'Transactions'!$C$7:$C$506,"Actual",'Transactions'!$F$7:$F$506,$B28,'Transactions'!$D$7:$D$506,'Dashboard'!$E$4)),0) | H28: =IFERROR(G28-C28,0) | I28: =IFERROR((G28-C28)/G28,0)
A29: Food & Beverage Department | B29: Food & Beverage Payroll Taxes and Benefits | C29: =IFERROR(IF('Dashboard'!$E$4="All Departments",SUMIFS('Transactions'!$I$7:$I$506,'Transactions'!$B$7:$B$506,'Dashboard'!$B$4,'Transactions'!$C$7:$C$506,"Actual",'Transactions'!$F$7:$F$506,$B29),SUMIFS('Transactions'!$I$7:$I$506,'Transactions'!$B$7:$B$506,'Dashboard'!$B$4,'Transactions'!$C$7:$C$506,"Actual",'Transactions'!$F$7:$F$506,$B29,'Transactions'!$D$7:$D$506,'Dashboard'!$E$4)),0) | D29: =IFERROR(IF('Dashboard'!$E$4="All Departments",SUMIFS('Transactions'!$I$7:$I$506,'Transactions'!$B$7:$B$506,'Dashboard'!$B$4,'Transactions'!$C$7:$C$506,"Budget",'Transactions'!$F$7:$F$506,$B29),SUMIFS('Transactions'!$I$7:$I$506,'Transactions'!$B$7:$B$506,'Dashboard'!$B$4,'Transactions'!$C$7:$C$506,"Budget",'Transactions'!$F$7:$F$506,$B29,'Transactions'!$D$7:$D$506,'Dashboard'!$E$4)),0) | E29: =IFERROR(D29-C29,0) | F29: =IFERROR((D29-C29)/D29,0) | G29: =IFERROR(IF('Dashboard'!$E$4="All Departments",SUMIFS('Transactions'!$I$7:$I$506,'Transactions'!$B$7:$B$506,EDATE('Dashboard'!$B$4,-1),'Transactions'!$C$7:$C$506,"Actual",'Transactions'!$F$7:$F$506,$B29),SUMIFS('Transactions'!$I$7:$I$506,'Transactions'!$B$7:$B$506,EDATE('Dashboard'!$B$4,-1),'Transactions'!$C$7:$C$506,"Actual",'Transactions'!$F$7:$F$506,$B29,'Transactions'!$D$7:$D$506,'Dashboard'!$E$4)),0) | H29: =IFERROR(G29-C29,0) | I29: =IFERROR((G29-C29)/G29,0)
A30: Food & Beverage Department | B30: Operating Supplies | C30: =IFERROR(IF('Dashboard'!$E$4="All Departments",SUMIFS('Transactions'!$I$7:$I$506,'Transactions'!$B$7:$B$506,'Dashboard'!$B$4,'Transactions'!$C$7:$C$506,"Actual",'Transactions'!$F$7:$F$506,$B30),SUMIFS('Transactions'!$I$7:$I$506,'Transactions'!$B$7:$B$506,'Dashboard'!$B$4,'Transactions'!$C$7:$C$506,"Actual",'Transactions'!$F$7:$F$506,$B30,'Transactions'!$D$7:$D$506,'Dashboard'!$E$4)),0) | D30: =IFERROR(IF('Dashboard'!$E$4="All Departments",SUMIFS('Transactions'!$I$7:$I$506,'Transactions'!$B$7:$B$506,'Dashboard'!$B$4,'Transactions'!$C$7:$C$506,"Budget",'Transactions'!$F$7:$F$506,$B30),SUMIFS('Transactions'!$I$7:$I$506,'Transactions'!$B$7:$B$506,'Dashboard'!$B$4,'Transactions'!$C$7:$C$506,"Budget",'Transactions'!$F$7:$F$506,$B30,'Transactions'!$D$7:$D$506,'Dashboard'!$E$4)),0) | E30: =IFERROR(D30-C30,0) | F30: =IFERROR((D30-C30)/D30,0) | G30: =IFERROR(IF('Dashboard'!$E$4="All Departments",SUMIFS('Transactions'!$I$7:$I$506,'Transactions'!$B$7:$B$506,EDATE('Dashboard'!$B$4,-1),'Transactions'!$C$7:$C$506,"Actual",'Transactions'!$F$7:$F$506,$B30),SUMIFS('Transactions'!$I$7:$I$506,'Transactions'!$B$7:$B$506,EDATE('Dashboard'!$B$4,-1),'Transactions'!$C$7:$C$506,"Actual",'Transactions'!$F$7:$F$506,$B30,'Transactions'!$D$7:$D$506,'Dashboard'!$E$4)),0) | H30: =IFERROR(G30-C30,0) | I30: =IFERROR((G30-C30)/G30,0)
A31: Food & Beverage Department | B31: Banquet and Event Expense | C31: =IFERROR(IF('Dashboard'!$E$4="All Departments",SUMIFS('Transactions'!$I$7:$I$506,'Transactions'!$B$7:$B$506,'Dashboard'!$B$4,'Transactions'!$C$7:$C$506,"Actual",'Transactions'!$F$7:$F$506,$B31),SUMIFS('Transactions'!$I$7:$I$506,'Transactions'!$B$7:$B$506,'Dashboard'!$B$4,'Transactions'!$C$7:$C$506,"Actual",'Transactions'!$F$7:$F$506,$B31,'Transactions'!$D$7:$D$506,'Dashboard'!$E$4)),0) | D31: =IFERROR(IF('Dashboard'!$E$4="All Departments",SUMIFS('Transactions'!$I$7:$I$506,'Transactions'!$B$7:$B$506,'Dashboard'!$B$4,'Transactions'!$C$7:$C$506,"Budget",'Transactions'!$F$7:$F$506,$B31),SUMIFS('Transactions'!$I$7:$I$506,'Transactions'!$B$7:$B$506,'Dashboard'!$B$4,'Transactions'!$C$7:$C$506,"Budget",'Transactions'!$F$7:$F$506,$B31,'Transactions'!$D$7:$D$506,'Dashboard'!$E$4)),0) | E31: =IFERROR(D31-C31,0) | F31: =IFERROR((D31-C31)/D31,0) | G31: =IFERROR(IF('Dashboard'!$E$4="All Departments",SUMIFS('Transactions'!$I$7:$I$506,'Transactions'!$B$7:$B$506,EDATE('Dashboard'!$B$4,-1),'Transactions'!$C$7:$C$506,"Actual",'Transactions'!$F$7:$F$506,$B31),SUMIFS('Transactions'!$I$7:$I$506,'Transactions'!$B$7:$B$506,EDATE('Dashboard'!$B$4,-1),'Transactions'!$C$7:$C$506,"Actual",'Transactions'!$F$7:$F$506,$B31,'Transactions'!$D$7:$D$506,'Dashboard'!$E$4)),0) | H31: =IFERROR(G31-C31,0) | I31: =IFERROR((G31-C31)/G31,0)
A32: Food & Beverage Department | B32: Other Food & Beverage Expense | C32: =IFERROR(IF('Dashboard'!$E$4="All Departments",SUMIFS('Transactions'!$I$7:$I$506,'Transactions'!$B$7:$B$506,'Dashboard'!$B$4,'Transactions'!$C$7:$C$506,"Actual",'Transactions'!$F$7:$F$506,$B32),SUMIFS('Transactions'!$I$7:$I$506,'Transactions'!$B$7:$B$506,'Dashboard'!$B$4,'Transactions'!$C$7:$C$506,"Actual",'Transactions'!$F$7:$F$506,$B32,'Transactions'!$D$7:$D$506,'Dashboard'!$E$4)),0) | D32: =IFERROR(IF('Dashboard'!$E$4="All Departments",SUMIFS('Transactions'!$I$7:$I$506,'Transactions'!$B$7:$B$506,'Dashboard'!$B$4,'Transactions'!$C$7:$C$506,"Budget",'Transactions'!$F$7:$F$506,$B32),SUMIFS('Transactions'!$I$7:$I$506,'Transactions'!$B$7:$B$506,'Dashboard'!$B$4,'Transactions'!$C$7:$C$506,"Budget",'Transactions'!$F$7:$F$506,$B32,'Transactions'!$D$7:$D$506,'Dashboard'!$E$4)),0) | E32: =IFERROR(D32-C32,0) | F32: =IFERROR((D32-C32)/D32,0) | G32: =IFERROR(IF('Dashboard'!$E$4="All Departments",SUMIFS('Transactions'!$I$7:$I$506,'Transactions'!$B$7:$B$506,EDATE('Dashboard'!$B$4,-1),'Transactions'!$C$7:$C$506,"Actual",'Transactions'!$F$7:$F$506,$B32),SUMIFS('Transactions'!$I$7:$I$506,'Transactions'!$B$7:$B$506,EDATE('Dashboard'!$B$4,-1),'Transactions'!$C$7:$C$506,"Actual",'Transactions'!$F$7:$F$506,$B32,'Transactions'!$D$7:$D$506,'Dashboard'!$E$4)),0) | H32: =IFERROR(G32-C32,0) | I32: =IFERROR((G32-C32)/G32,0)
A33: Food & Beverage Department | B33: Total Food & Beverage Department Expense | C33: =IFERROR(SUM(C26,C27,C28,C29,C30,C31,C32),0) | D33: =IFERROR(SUM(D26,D27,D28,D29,D30,D31,D32),0) | E33: =IFERROR(D33-C33,0) | F33: =IFERROR((D33-C33)/D33,0) | G33: =IFERROR(SUM(G26,G27,G28,G29,G30,G31,G32),0) | H33: =IFERROR(G33-C33,0) | I33: =IFERROR((G33-C33)/G33,0)
A34: Other Operated Departments
A35: Other Operated Departments | B35: Other Department Payroll | C35: =IFERROR(IF('Dashboard'!$E$4="All Departments",SUMIFS('Transactions'!$I$7:$I$506,'Transactions'!$B$7:$B$506,'Dashboard'!$B$4,'Transactions'!$C$7:$C$506,"Actual",'Transactions'!$F$7:$F$506,$B35),SUMIFS('Transactions'!$I$7:$I$506,'Transactions'!$B$7:$B$506,'Dashboard'!$B$4,'Transactions'!$C$7:$C$506,"Actual",'Transactions'!$F$7:$F$506,$B35,'Transactions'!$D$7:$D$506,'Dashboard'!$E$4)),0) | D35: =IFERROR(IF('Dashboard'!$E$4="All Departments",SUMIFS('Transactions'!$I$7:$I$506,'Transactions'!$B$7:$B$506,'Dashboard'!$B$4,'Transactions'!$C$7:$C$506,"Budget",'Transactions'!$F$7:$F$506,$B35),SUMIFS('Transactions'!$I$7:$I$506,'Transactions'!$B$7:$B$506,'Dashboard'!$B$4,'Transactions'!$C$7:$C$506,"Budget",'Transactions'!$F$7:$F$506,$B35,'Transactions'!$D$7:$D$506,'Dashboard'!$E$4)),0) | E35: =IFERROR(D35-C35,0) | F35: =IFERROR((D35-C35)/D35,0) | G35: =IFERROR(IF('Dashboard'!$E$4="All Departments",SUMIFS('Transactions'!$I$7:$I$506,'Transactions'!$B$7:$B$506,EDATE('Dashboard'!$B$4,-1),'Transactions'!$C$7:$C$506,"Actual",'Transactions'!$F$7:$F$506,$B35),SUMIFS('Transactions'!$I$7:$I$506,'Transactions'!$B$7:$B$506,EDATE('Dashboard'!$B$4,-1),'Transactions'!$C$7:$C$506,"Actual",'Transactions'!$F$7:$F$506,$B35,'Transactions'!$D$7:$D$506,'Dashboard'!$E$4)),0) | H35: =IFERROR(G35-C35,0) | I35: =IFERROR((G35-C35)/G35,0)
A36: Other Operated Departments | B36: Other Department Cost of Sales | C36: =IFERROR(IF('Dashboard'!$E$4="All Departments",SUMIFS('Transactions'!$I$7:$I$506,'Transactions'!$B$7:$B$506,'Dashboard'!$B$4,'Transactions'!$C$7:$C$506,"Actual",'Transactions'!$F$7:$F$506,$B36),SUMIFS('Transactions'!$I$7:$I$506,'Transactions'!$B$7:$B$506,'Dashboard'!$B$4,'Transactions'!$C$7:$C$506,"Actual",'Transactions'!$F$7:$F$506,$B36,'Transactions'!$D$7:$D$506,'Dashboard'!$E$4)),0) | D36: =IFERROR(IF('Dashboard'!$E$4="All Departments",SUMIFS('Transactions'!$I$7:$I$506,'Transactions'!$B$7:$B$506,'Dashboard'!$B$4,'Transactions'!$C$7:$C$506,"Budget",'Transactions'!$F$7:$F$506,$B36),SUMIFS('Transactions'!$I$7:$I$506,'Transactions'!$B$7:$B$506,'Dashboard'!$B$4,'Transactions'!$C$7:$C$506,"Budget",'Transactions'!$F$7:$F$506,$B36,'Transactions'!$D$7:$D$506,'Dashboard'!$E$4)),0) | E36: =IFERROR(D36-C36,0) | F36: =IFERROR((D36-C36)/D36,0) | G36: =IFERROR(IF('Dashboard'!$E$4="All Departments",SUMIFS('Transactions'!$I$7:$I$506,'Transactions'!$B$7:$B$506,EDATE('Dashboard'!$B$4,-1),'Transactions'!$C$7:$C$506,"Actual",'Transactions'!$F$7:$F$506,$B36),SUMIFS('Transactions'!$I$7:$I$506,'Transactions'!$B$7:$B$506,EDATE('Dashboard'!$B$4,-1),'Transactions'!$C$7:$C$506,"Actual",'Transactions'!$F$7:$F$506,$B36,'Transactions'!$D$7:$D$506,'Dashboard'!$E$4)),0) | H36: =IFERROR(G36-C36,0) | I36: =IFERROR((G36-C36)/G36,0)
A37: Other Operated Departments | B37: Other Department Operating Expense | C37: =IFERROR(IF('Dashboard'!$E$4="All Departments",SUMIFS('Transactions'!$I$7:$I$506,'Transactions'!$B$7:$B$506,'Dashboard'!$B$4,'Transactions'!$C$7:$C$506,"Actual",'Transactions'!$F$7:$F$506,$B37),SUMIFS('Transactions'!$I$7:$I$506,'Transactions'!$B$7:$B$506,'Dashboard'!$B$4,'Transactions'!$C$7:$C$506,"Actual",'Transactions'!$F$7:$F$506,$B37,'Transactions'!$D$7:$D$506,'Dashboard'!$E$4)),0) | D37: =IFERROR(IF('Dashboard'!$E$4="All Departments",SUMIFS('Transactions'!$I$7:$I$506,'Transactions'!$B$7:$B$506,'Dashboard'!$B$4,'Transactions'!$C$7:$C$506,"Budget",'Transactions'!$F$7:$F$506,$B37),SUMIFS('Transactions'!$I$7:$I$506,'Transactions'!$B$7:$B$506,'Dashboard'!$B$4,'Transactions'!$C$7:$C$506,"Budget",'Transactions'!$F$7:$F$506,$B37,'Transactions'!$D$7:$D$506,'Dashboard'!$E$4)),0) | E37: =IFERROR(D37-C37,0) | F37: =IFERROR((D37-C37)/D37,0) | G37: =IFERROR(IF('Dashboard'!$E$4="All Departments",SUMIFS('Transactions'!$I$7:$I$506,'Transactions'!$B$7:$B$506,EDATE('Dashboard'!$B$4,-1),'Transactions'!$C$7:$C$506,"Actual",'Transactions'!$F$7:$F$506,$B37),SUMIFS('Transactions'!$I$7:$I$506,'Transactions'!$B$7:$B$506,EDATE('Dashboard'!$B$4,-1),'Transactions'!$C$7:$C$506,"Actual",'Transactions'!$F$7:$F$506,$B37,'Transactions'!$D$7:$D$506,'Dashboard'!$E$4)),0) | H37: =IFERROR(G37-C37,0) | I37: =IFERROR((G37-C37)/G37,0)
A38: Other Operated Departments | B38: Total Other Operated Departments Expense | C38: =IFERROR(SUM(C35,C36,C37),0) | D38: =IFERROR(SUM(D35,D36,D37),0) | E38: =IFERROR(D38-C38,0) | F38: =IFERROR((D38-C38)/D38,0) | G38: =IFERROR(SUM(G35,G36,G37),0) | H38: =IFERROR(G38-C38,0) | I38: =IFERROR((G38-C38)/G38,0)
A39: Departmental Expenses | B39: Total Departmental Expenses | C39: =IFERROR(SUM(C24,C33,C38),0) | D39: =IFERROR(SUM(D24,D33,D38),0) | E39: =IFERROR(D39-C39,0) | F39: =IFERROR((D39-C39)/D39,0) | G39: =IFERROR(SUM(G24,G33,G38),0) | H39: =IFERROR(G39-C39,0) | I39: =IFERROR((G39-C39)/G39,0)
A40: Departmental Expenses | B40: Departmental Profit | C40: =IFERROR(C14-C39,0) | D40: =IFERROR(D14-D39,0) | E40: =IFERROR(C40-D40,0) | F40: =IFERROR((C40-D40)/D40,0) | G40: =IFERROR(G14-G39,0) | H40: =IFERROR(C40-G40,0) | I40: =IFERROR((C40-G40)/G40,0)
A41: Undistributed Operating Expenses
A42: Administrative & General
A43: Administrative & General | B43: Administrative Payroll | C43: =IFERROR(IF('Dashboard'!$E$4="All Departments",SUMIFS('Transactions'!$I$7:$I$506,'Transactions'!$B$7:$B$506,'Dashboard'!$B$4,'Transactions'!$C$7:$C$506,"Actual",'Transactions'!$F$7:$F$506,$B43),SUMIFS('Transactions'!$I$7:$I$506,'Transactions'!$B$7:$B$506,'Dashboard'!$B$4,'Transactions'!$C$7:$C$506,"Actual",'Transactions'!$F$7:$F$506,$B43,'Transactions'!$D$7:$D$506,'Dashboard'!$E$4)),0) | D43: =IFERROR(IF('Dashboard'!$E$4="All Departments",SUMIFS('Transactions'!$I$7:$I$506,'Transactions'!$B$7:$B$506,'Dashboard'!$B$4,'Transactions'!$C$7:$C$506,"Budget",'Transactions'!$F$7:$F$506,$B43),SUMIFS('Transactions'!$I$7:$I$506,'Transactions'!$B$7:$B$506,'Dashboard'!$B$4,'Transactions'!$C$7:$C$506,"Budget",'Transactions'!$F$7:$F$506,$B43,'Transactions'!$D$7:$D$506,'Dashboard'!$E$4)),0) | E43: =IFERROR(D43-C43,0) | F43: =IFERROR((D43-C43)/D43,0) | G43: =IFERROR(IF('Dashboard'!$E$4="All Departments",SUMIFS('Transactions'!$I$7:$I$506,'Transactions'!$B$7:$B$506,EDATE('Dashboard'!$B$4,-1),'Transactions'!$C$7:$C$506,"Actual",'Transactions'!$F$7:$F$506,$B43),SUMIFS('Transactions'!$I$7:$I$506,'Transactions'!$B$7:$B$506,EDATE('Dashboard'!$B$4,-1),'Transactions'!$C$7:$C$506,"Actual",'Transactions'!$F$7:$F$506,$B43,'Transactions'!$D$7:$D$506,'Dashboard'!$E$4)),0) | H43: =IFERROR(G43-C43,0) | I43: =IFERROR((G43-C43)/G43,0)
A44: Administrative & General | B44: Credit Card Fees | C44: =IFERROR(IF('Dashboard'!$E$4="All Departments",SUMIFS('Transactions'!$I$7:$I$506,'Transactions'!$B$7:$B$506,'Dashboard'!$B$4,'Transactions'!$C$7:$C$506,"Actual",'Transactions'!$F$7:$F$506,$B44),SUMIFS('Transactions'!$I$7:$I$506,'Transactions'!$B$7:$B$506,'Dashboard'!$B$4,'Transactions'!$C$7:$C$506,"Actual",'Transactions'!$F$7:$F$506,$B44,'Transactions'!$D$7:$D$506,'Dashboard'!$E$4)),0) | D44: =IFERROR(IF('Dashboard'!$E$4="All Departments",SUMIFS('Transactions'!$I$7:$I$506,'Transactions'!$B$7:$B$506,'Dashboard'!$B$4,'Transactions'!$C$7:$C$506,"Budget",'Transactions'!$F$7:$F$506,$B44),SUMIFS('Transactions'!$I$7:$I$506,'Transactions'!$B$7:$B$506,'Dashboard'!$B$4,'Transactions'!$C$7:$C$506,"Budget",'Transactions'!$F$7:$F$506,$B44,'Transactions'!$D$7:$D$506,'Dashboard'!$E$4)),0) | E44: =IFERROR(D44-C44,0) | F44: =IFERROR((D44-C44)/D44,0) | G44: =IFERROR(IF('Dashboard'!$E$4="All Departments",SUMIFS('Transactions'!$I$7:$I$506,'Transactions'!$B$7:$B$506,EDATE('Dashboard'!$B$4,-1),'Transactions'!$C$7:$C$506,"Actual",'Transactions'!$F$7:$F$506,$B44),SUMIFS('Transactions'!$I$7:$I$506,'Transactions'!$B$7:$B$506,EDATE('Dashboard'!$B$4,-1),'Transactions'!$C$7:$C$506,"Actual",'Transactions'!$F$7:$F$506,$B44,'Transactions'!$D$7:$D$506,'Dashboard'!$E$4)),0) | H44: =IFERROR(G44-C44,0) | I44: =IFERROR((G44-C44)/G44,0)
A45: Administrative & General | B45: Professional Fees | C45: =IFERROR(IF('Dashboard'!$E$4="All Departments",SUMIFS('Transactions'!$I$7:$I$506,'Transactions'!$B$7:$B$506,'Dashboard'!$B$4,'Transactions'!$C$7:$C$506,"Actual",'Transactions'!$F$7:$F$506,$B45),SUMIFS('Transactions'!$I$7:$I$506,'Transactions'!$B$7:$B$506,'Dashboard'!$B$4,'Transactions'!$C$7:$C$506,"Actual",'Transactions'!$F$7:$F$506,$B45,'Transactions'!$D$7:$D$506,'Dashboard'!$E$4)),0) | D45: =IFERROR(IF('Dashboard'!$E$4="All Departments",SUMIFS('Transactions'!$I$7:$I$506,'Transactions'!$B$7:$B$506,'Dashboard'!$B$4,'Transactions'!$C$7:$C$506,"Budget",'Transactions'!$F$7:$F$506,$B45),SUMIFS('Transactions'!$I$7:$I$506,'Transactions'!$B$7:$B$506,'Dashboard'!$B$4,'Transactions'!$C$7:$C$506,"Budget",'Transactions'!$F$7:$F$506,$B45,'Transactions'!$D$7:$D$506,'Dashboard'!$E$4)),0) | E45: =IFERROR(D45-C45,0) | F45: =IFERROR((D45-C45)/D45,0) | G45: =IFERROR(IF('Dashboard'!$E$4="All Departments",SUMIFS('Transactions'!$I$7:$I$506,'Transactions'!$B$7:$B$506,EDATE('Dashboard'!$B$4,-1),'Transactions'!$C$7:$C$506,"Actual",'Transactions'!$F$7:$F$506,$B45),SUMIFS('Transactions'!$I$7:$I$506,'Transactions'!$B$7:$B$506,EDATE('Dashboard'!$B$4,-1),'Transactions'!$C$7:$C$506,"Actual",'Transactions'!$F$7:$F$506,$B45,'Transactions'!$D$7:$D$506,'Dashboard'!$E$4)),0) | H45: =IFERROR(G45-C45,0) | I45: =IFERROR((G45-C45)/G45,0)
A46: Administrative & General | B46: Office and Technology Expense | C46: =IFERROR(IF('Dashboard'!$E$4="All Departments",SUMIFS('Transactions'!$I$7:$I$506,'Transactions'!$B$7:$B$506,'Dashboard'!$B$4,'Transactions'!$C$7:$C$506,"Actual",'Transactions'!$F$7:$F$506,$B46),SUMIFS('Transactions'!$I$7:$I$506,'Transactions'!$B$7:$B$506,'Dashboard'!$B$4,'Transactions'!$C$7:$C$506,"Actual",'Transactions'!$F$7:$F$506,$B46,'Transactions'!$D$7:$D$506,'Dashboard'!$E$4)),0) | D46: =IFERROR(IF('Dashboard'!$E$4="All Departments",SUMIFS('Transactions'!$I$7:$I$506,'Transactions'!$B$7:$B$506,'Dashboard'!$B$4,'Transactions'!$C$7:$C$506,"Budget",'Transactions'!$F$7:$F$506,$B46),SUMIFS('Transactions'!$I$7:$I$506,'Transactions'!$B$7:$B$506,'Dashboard'!$B$4,'Transactions'!$C$7:$C$506,"Budget",'Transactions'!$F$7:$F$506,$B46,'Transactions'!$D$7:$D$506,'Dashboard'!$E$4)),0) | E46: =IFERROR(D46-C46,0) | F46: =IFERROR((D46-C46)/D46,0) | G46: =IFERROR(IF('Dashboard'!$E$4="All Departments",SUMIFS('Transactions'!$I$7:$I$506,'Transactions'!$B$7:$B$506,EDATE('Dashboard'!$B$4,-1),'Transactions'!$C$7:$C$506,"Actual",'Transactions'!$F$7:$F$506,$B46),SUMIFS('Transactions'!$I$7:$I$506,'Transactions'!$B$7:$B$506,EDATE('Dashboard'!$B$4,-1),'Transactions'!$C$7:$C$506,"Actual",'Transactions'!$F$7:$F$506,$B46,'Transactions'!$D$7:$D$506,'Dashboard'!$E$4)),0) | H46: =IFERROR(G46-C46,0) | I46: =IFERROR((G46-C46)/G46,0)
A47: Administrative & General | B47: Insurance Expense | C47: =IFERROR(IF('Dashboard'!$E$4="All Departments",SUMIFS('Transactions'!$I$7:$I$506,'Transactions'!$B$7:$B$506,'Dashboard'!$B$4,'Transactions'!$C$7:$C$506,"Actual",'Transactions'!$F$7:$F$506,$B47),SUMIFS('Transactions'!$I$7:$I$506,'Transactions'!$B$7:$B$506,'Dashboard'!$B$4,'Transactions'!$C$7:$C$506,"Actual",'Transactions'!$F$7:$F$506,$B47,'Transactions'!$D$7:$D$506,'Dashboard'!$E$4)),0) | D47: =IFERROR(IF('Dashboard'!$E$4="All Departments",SUMIFS('Transactions'!$I$7:$I$506,'Transactions'!$B$7:$B$506,'Dashboard'!$B$4,'Transactions'!$C$7:$C$506,"Budget",'Transactions'!$F$7:$F$506,$B47),SUMIFS('Transactions'!$I$7:$I$506,'Transactions'!$B$7:$B$506,'Dashboard'!$B$4,'Transactions'!$C$7:$C$506,"Budget",'Transactions'!$F$7:$F$506,$B47,'Transactions'!$D$7:$D$506,'Dashboard'!$E$4)),0) | E47: =IFERROR(D47-C47,0) | F47: =IFERROR((D47-C47)/D47,0) | G47: =IFERROR(IF('Dashboard'!$E$4="All Departments",SUMIFS('Transactions'!$I$7:$I$506,'Transactions'!$B$7:$B$506,EDATE('Dashboard'!$B$4,-1),'Transactions'!$C$7:$C$506,"Actual",'Transactions'!$F$7:$F$506,$B47),SUMIFS('Transactions'!$I$7:$I$506,'Transactions'!$B$7:$B$506,EDATE('Dashboard'!$B$4,-1),'Transactions'!$C$7:$C$506,"Actual",'Transactions'!$F$7:$F$506,$B47,'Transactions'!$D$7:$D$506,'Dashboard'!$E$4)),0) | H47: =IFERROR(G47-C47,0) | I47: =IFERROR((G47-C47)/G47,0)
A48: Administrative & General | B48: Other Administrative Expense | C48: =IFERROR(IF('Dashboard'!$E$4="All Departments",SUMIFS('Transactions'!$I$7:$I$506,'Transactions'!$B$7:$B$506,'Dashboard'!$B$4,'Transactions'!$C$7:$C$506,"Actual",'Transactions'!$F$7:$F$506,$B48),SUMIFS('Transactions'!$I$7:$I$506,'Transactions'!$B$7:$B$506,'Dashboard'!$B$4,'Transactions'!$C$7:$C$506,"Actual",'Transactions'!$F$7:$F$506,$B48,'Transactions'!$D$7:$D$506,'Dashboard'!$E$4)),0) | D48: =IFERROR(IF('Dashboard'!$E$4="All Departments",SUMIFS('Transactions'!$I$7:$I$506,'Transactions'!$B$7:$B$506,'Dashboard'!$B$4,'Transactions'!$C$7:$C$506,"Budget",'Transactions'!$F$7:$F$506,$B48),SUMIFS('Transactions'!$I$7:$I$506,'Transactions'!$B$7:$B$506,'Dashboard'!$B$4,'Transactions'!$C$7:$C$506,"Budget",'Transactions'!$F$7:$F$506,$B48,'Transactions'!$D$7:$D$506,'Dashboard'!$E$4)),0) | E48: =IFERROR(D48-C48,0) | F48: =IFERROR((D48-C48)/D48,0) | G48: =IFERROR(IF('Dashboard'!$E$4="All Departments",SUMIFS('Transactions'!$I$7:$I$506,'Transactions'!$B$7:$B$506,EDATE('Dashboard'!$B$4,-1),'Transactions'!$C$7:$C$506,"Actual",'Transactions'!$F$7:$F$506,$B48),SUMIFS('Transactions'!$I$7:$I$506,'Transactions'!$B$7:$B$506,EDATE('Dashboard'!$B$4,-1),'Transactions'!$C$7:$C$506,"Actual",'Transactions'!$F$7:$F$506,$B48,'Transactions'!$D$7:$D$506,'Dashboard'!$E$4)),0) | H48: =IFERROR(G48-C48,0) | I48: =IFERROR((G48-C48)/G48,0)
A49: Administrative & General | B49: Total Administrative & General | C49: =IFERROR(SUM(C43,C44,C45,C46,C47,C48),0) | D49: =IFERROR(SUM(D43,D44,D45,D46,D47,D48),0) | E49: =IFERROR(D49-C49,0) | F49: =IFERROR((D49-C49)/D49,0) | G49: =IFERROR(SUM(G43,G44,G45,G46,G47,G48),0) | H49: =IFERROR(G49-C49,0) | I49: =IFERROR((G49-C49)/G49,0)
A50: Sales & Marketing
A51: Sales & Marketing | B51: Sales Payroll | C51: =IFERROR(IF('Dashboard'!$E$4="All Departments",SUMIFS('Transactions'!$I$7:$I$506,'Transactions'!$B$7:$B$506,'Dashboard'!$B$4,'Transactions'!$C$7:$C$506,"Actual",'Transactions'!$F$7:$F$506,$B51),SUMIFS('Transactions'!$I$7:$I$506,'Transactions'!$B$7:$B$506,'Dashboard'!$B$4,'Transactions'!$C$7:$C$506,"Actual",'Transactions'!$F$7:$F$506,$B51,'Transactions'!$D$7:$D$506,'Dashboard'!$E$4)),0) | D51: =IFERROR(IF('Dashboard'!$E$4="All Departments",SUMIFS('Transactions'!$I$7:$I$506,'Transactions'!$B$7:$B$506,'Dashboard'!$B$4,'Transactions'!$C$7:$C$506,"Budget",'Transactions'!$F$7:$F$506,$B51),SUMIFS('Transactions'!$I$7:$I$506,'Transactions'!$B$7:$B$506,'Dashboard'!$B$4,'Transactions'!$C$7:$C$506,"Budget",'Transactions'!$F$7:$F$506,$B51,'Transactions'!$D$7:$D$506,'Dashboard'!$E$4)),0) | E51: =IFERROR(D51-C51,0) | F51: =IFERROR((D51-C51)/D51,0) | G51: =IFERROR(IF('Dashboard'!$E$4="All Departments",SUMIFS('Transactions'!$I$7:$I$506,'Transactions'!$B$7:$B$506,EDATE('Dashboard'!$B$4,-1),'Transactions'!$C$7:$C$506,"Actual",'Transactions'!$F$7:$F$506,$B51),SUMIFS('Transactions'!$I$7:$I$506,'Transactions'!$B$7:$B$506,EDATE('Dashboard'!$B$4,-1),'Transactions'!$C$7:$C$506,"Actual",'Transactions'!$F$7:$F$506,$B51,'Transactions'!$D$7:$D$506,'Dashboard'!$E$4)),0) | H51: =IFERROR(G51-C51,0) | I51: =IFERROR((G51-C51)/G51,0)
A52: Sales & Marketing | B52: Advertising and Promotions | C52: =IFERROR(IF('Dashboard'!$E$4="All Departments",SUMIFS('Transactions'!$I$7:$I$506,'Transactions'!$B$7:$B$506,'Dashboard'!$B$4,'Transactions'!$C$7:$C$506,"Actual",'Transactions'!$F$7:$F$506,$B52),SUMIFS('Transactions'!$I$7:$I$506,'Transactions'!$B$7:$B$506,'Dashboard'!$B$4,'Transactions'!$C$7:$C$506,"Actual",'Transactions'!$F$7:$F$506,$B52,'Transactions'!$D$7:$D$506,'Dashboard'!$E$4)),0) | D52: =IFERROR(IF('Dashboard'!$E$4="All Departments",SUMIFS('Transactions'!$I$7:$I$506,'Transactions'!$B$7:$B$506,'Dashboard'!$B$4,'Transactions'!$C$7:$C$506,"Budget",'Transactions'!$F$7:$F$506,$B52),SUMIFS('Transactions'!$I$7:$I$506,'Transactions'!$B$7:$B$506,'Dashboard'!$B$4,'Transactions'!$C$7:$C$506,"Budget",'Transactions'!$F$7:$F$506,$B52,'Transactions'!$D$7:$D$506,'Dashboard'!$E$4)),0) | E52: =IFERROR(D52-C52,0) | F52: =IFERROR((D52-C52)/D52,0) | G52: =IFERROR(IF('Dashboard'!$E$4="All Departments",SUMIFS('Transactions'!$I$7:$I$506,'Transactions'!$B$7:$B$506,EDATE('Dashboard'!$B$4,-1),'Transactions'!$C$7:$C$506,"Actual",'Transactions'!$F$7:$F$506,$B52),SUMIFS('Transactions'!$I$7:$I$506,'Transactions'!$B$7:$B$506,EDATE('Dashboard'!$B$4,-1),'Transactions'!$C$7:$C$506,"Actual",'Transactions'!$F$7:$F$506,$B52,'Transactions'!$D$7:$D$506,'Dashboard'!$E$4)),0) | H52: =IFERROR(G52-C52,0) | I52: =IFERROR((G52-C52)/G52,0)
A53: Sales & Marketing | B53: Commission Expense | C53: =IFERROR(IF('Dashboard'!$E$4="All Departments",SUMIFS('Transactions'!$I$7:$I$506,'Transactions'!$B$7:$B$506,'Dashboard'!$B$4,'Transactions'!$C$7:$C$506,"Actual",'Transactions'!$F$7:$F$506,$B53),SUMIFS('Transactions'!$I$7:$I$506,'Transactions'!$B$7:$B$506,'Dashboard'!$B$4,'Transactions'!$C$7:$C$506,"Actual",'Transactions'!$F$7:$F$506,$B53,'Transactions'!$D$7:$D$506,'Dashboard'!$E$4)),0) | D53: =IFERROR(IF('Dashboard'!$E$4="All Departments",SUMIFS('Transactions'!$I$7:$I$506,'Transactions'!$B$7:$B$506,'Dashboard'!$B$4,'Transactions'!$C$7:$C$506,"Budget",'Transactions'!$F$7:$F$506,$B53),SUMIFS('Transactions'!$I$7:$I$506,'Transactions'!$B$7:$B$506,'Dashboard'!$B$4,'Transactions'!$C$7:$C$506,"Budget",'Transactions'!$F$7:$F$506,$B53,'Transactions'!$D$7:$D$506,'Dashboard'!$E$4)),0) | E53: =IFERROR(D53-C53,0) | F53: =IFERROR((D53-C53)/D53,0) | G53: =IFERROR(IF('Dashboard'!$E$4="All Departments",SUMIFS('Transactions'!$I$7:$I$506,'Transactions'!$B$7:$B$506,EDATE('Dashboard'!$B$4,-1),'Transactions'!$C$7:$C$506,"Actual",'Transactions'!$F$7:$F$506,$B53),SUMIFS('Transactions'!$I$7:$I$506,'Transactions'!$B$7:$B$506,EDATE('Dashboard'!$B$4,-1),'Transactions'!$C$7:$C$506,"Actual",'Transactions'!$F$7:$F$506,$B53,'Transactions'!$D$7:$D$506,'Dashboard'!$E$4)),0) | H53: =IFERROR(G53-C53,0) | I53: =IFERROR((G53-C53)/G53,0)
A54: Sales & Marketing | B54: Loyalty Program Expense | C54: =IFERROR(IF('Dashboard'!$E$4="All Departments",SUMIFS('Transactions'!$I$7:$I$506,'Transactions'!$B$7:$B$506,'Dashboard'!$B$4,'Transactions'!$C$7:$C$506,"Actual",'Transactions'!$F$7:$F$506,$B54),SUMIFS('Transactions'!$I$7:$I$506,'Transactions'!$B$7:$B$506,'Dashboard'!$B$4,'Transactions'!$C$7:$C$506,"Actual",'Transactions'!$F$7:$F$506,$B54,'Transactions'!$D$7:$D$506,'Dashboard'!$E$4)),0) | D54: =IFERROR(IF('Dashboard'!$E$4="All Departments",SUMIFS('Transactions'!$I$7:$I$506,'Transactions'!$B$7:$B$506,'Dashboard'!$B$4,'Transactions'!$C$7:$C$506,"Budget",'Transactions'!$F$7:$F$506,$B54),SUMIFS('Transactions'!$I$7:$I$506,'Transactions'!$B$7:$B$506,'Dashboard'!$B$4,'Transactions'!$C$7:$C$506,"Budget",'Transactions'!$F$7:$F$506,$B54,'Transactions'!$D$7:$D$506,'Dashboard'!$E$4)),0) | E54: =IFERROR(D54-C54,0) | F54: =IFERROR((D54-C54)/D54,0) | G54: =IFERROR(IF('Dashboard'!$E$4="All Departments",SUMIFS('Transactions'!$I$7:$I$506,'Transactions'!$B$7:$B$506,EDATE('Dashboard'!$B$4,-1),'Transactions'!$C$7:$C$506,"Actual",'Transactions'!$F$7:$F$506,$B54),SUMIFS('Transactions'!$I$7:$I$506,'Transactions'!$B$7:$B$506,EDATE('Dashboard'!$B$4,-1),'Transactions'!$C$7:$C$506,"Actual",'Transactions'!$F$7:$F$506,$B54,'Transactions'!$D$7:$D$506,'Dashboard'!$E$4)),0) | H54: =IFERROR(G54-C54,0) | I54: =IFERROR((G54-C54)/G54,0)
A55: Sales & Marketing | B55: Other Sales & Marketing Expense | C55: =IFERROR(IF('Dashboard'!$E$4="All Departments",SUMIFS('Transactions'!$I$7:$I$506,'Transactions'!$B$7:$B$506,'Dashboard'!$B$4,'Transactions'!$C$7:$C$506,"Actual",'Transactions'!$F$7:$F$506,$B55),SUMIFS('Transactions'!$I$7:$I$506,'Transactions'!$B$7:$B$506,'Dashboard'!$B$4,'Transactions'!$C$7:$C$506,"Actual",'Transactions'!$F$7:$F$506,$B55,'Transactions'!$D$7:$D$506,'Dashboard'!$E$4)),0) | D55: =IFERROR(IF('Dashboard'!$E$4="All Departments",SUMIFS('Transactions'!$I$7:$I$506,'Transactions'!$B$7:$B$506,'Dashboard'!$B$4,'Transactions'!$C$7:$C$506,"Budget",'Transactions'!$F$7:$F$506,$B55),SUMIFS('Transactions'!$I$7:$I$506,'Transactions'!$B$7:$B$506,'Dashboard'!$B$4,'Transactions'!$C$7:$C$506,"Budget",'Transactions'!$F$7:$F$506,$B55,'Transactions'!$D$7:$D$506,'Dashboard'!$E$4)),0) | E55: =IFERROR(D55-C55,0) | F55: =IFERROR((D55-C55)/D55,0) | G55: =IFERROR(IF('Dashboard'!$E$4="All Departments",SUMIFS('Transactions'!$I$7:$I$506,'Transactions'!$B$7:$B$506,EDATE('Dashboard'!$B$4,-1),'Transactions'!$C$7:$C$506,"Actual",'Transactions'!$F$7:$F$506,$B55),SUMIFS('Transactions'!$I$7:$I$506,'Transactions'!$B$7:$B$506,EDATE('Dashboard'!$B$4,-1),'Transactions'!$C$7:$C$506,"Actual",'Transactions'!$F$7:$F$506,$B55,'Transactions'!$D$7:$D$506,'Dashboard'!$E$4)),0) | H55: =IFERROR(G55-C55,0) | I55: =IFERROR((G55-C55)/G55,0)
A56: Sales & Marketing | B56: Total Sales & Marketing | C56: =IFERROR(SUM(C51,C52,C53,C54,C55),0) | D56: =IFERROR(SUM(D51,D52,D53,D54,D55),0) | E56: =IFERROR(D56-C56,0) | F56: =IFERROR((D56-C56)/D56,0) | G56: =IFERROR(SUM(G51,G52,G53,G54,G55),0) | H56: =IFERROR(G56-C56,0) | I56: =IFERROR((G56-C56)/G56,0)
A57: Property Operations & Maintenance
A58: Property Operations & Maintenance | B58: Engineering Payroll | C58: =IFERROR(IF('Dashboard'!$E$4="All Departments",SUMIFS('Transactions'!$I$7:$I$506,'Transactions'!$B$7:$B$506,'Dashboard'!$B$4,'Transactions'!$C$7:$C$506,"Actual",'Transactions'!$F$7:$F$506,$B58),SUMIFS('Transactions'!$I$7:$I$506,'Transactions'!$B$7:$B$506,'Dashboard'!$B$4,'Transactions'!$C$7:$C$506,"Actual",'Transactions'!$F$7:$F$506,$B58,'Transactions'!$D$7:$D$506,'Dashboard'!$E$4)),0) | D58: =IFERROR(IF('Dashboard'!$E$4="All Departments",SUMIFS('Transactions'!$I$7:$I$506,'Transactions'!$B$7:$B$506,'Dashboard'!$B$4,'Transactions'!$C$7:$C$506,"Budget",'Transactions'!$F$7:$F$506,$B58),SUMIFS('Transactions'!$I$7:$I$506,'Transactions'!$B$7:$B$506,'Dashboard'!$B$4,'Transactions'!$C$7:$C$506,"Budget",'Transactions'!$F$7:$F$506,$B58,'Transactions'!$D$7:$D$506,'Dashboard'!$E$4)),0) | E58: =IFERROR(D58-C58,0) | F58: =IFERROR((D58-C58)/D58,0) | G58: =IFERROR(IF('Dashboard'!$E$4="All Departments",SUMIFS('Transactions'!$I$7:$I$506,'Transactions'!$B$7:$B$506,EDATE('Dashboard'!$B$4,-1),'Transactions'!$C$7:$C$506,"Actual",'Transactions'!$F$7:$F$506,$B58),SUMIFS('Transactions'!$I$7:$I$506,'Transactions'!$B$7:$B$506,EDATE('Dashboard'!$B$4,-1),'Transactions'!$C$7:$C$506,"Actual",'Transactions'!$F$7:$F$506,$B58,'Transactions'!$D$7:$D$506,'Dashboard'!$E$4)),0) | H58: =IFERROR(G58-C58,0) | I58: =IFERROR((G58-C58)/G58,0)
A59: Property Operations & Maintenance | B59: Repairs and Maintenance | C59: =IFERROR(IF('Dashboard'!$E$4="All Departments",SUMIFS('Transactions'!$I$7:$I$506,'Transactions'!$B$7:$B$506,'Dashboard'!$B$4,'Transactions'!$C$7:$C$506,"Actual",'Transactions'!$F$7:$F$506,$B59),SUMIFS('Transactions'!$I$7:$I$506,'Transactions'!$B$7:$B$506,'Dashboard'!$B$4,'Transactions'!$C$7:$C$506,"Actual",'Transactions'!$F$7:$F$506,$B59,'Transactions'!$D$7:$D$506,'Dashboard'!$E$4)),0) | D59: =IFERROR(IF('Dashboard'!$E$4="All Departments",SUMIFS('Transactions'!$I$7:$I$506,'Transactions'!$B$7:$B$506,'Dashboard'!$B$4,'Transactions'!$C$7:$C$506,"Budget",'Transactions'!$F$7:$F$506,$B59),SUMIFS('Transactions'!$I$7:$I$506,'Transactions'!$B$7:$B$506,'Dashboard'!$B$4,'Transactions'!$C$7:$C$506,"Budget",'Transactions'!$F$7:$F$506,$B59,'Transactions'!$D$7:$D$506,'Dashboard'!$E$4)),0) | E59: =IFERROR(D59-C59,0) | F59: =IFERROR((D59-C59)/D59,0) | G59: =IFERROR(IF('Dashboard'!$E$4="All Departments",SUMIFS('Transactions'!$I$7:$I$506,'Transactions'!$B$7:$B$506,EDATE('Dashboard'!$B$4,-1),'Transactions'!$C$7:$C$506,"Actual",'Transactions'!$F$7:$F$506,$B59),SUMIFS('Transactions'!$I$7:$I$506,'Transactions'!$B$7:$B$506,EDATE('Dashboard'!$B$4,-1),'Transactions'!$C$7:$C$506,"Actual",'Transactions'!$F$7:$F$506,$B59,'Transactions'!$D$7:$D$506,'Dashboard'!$E$4)),0) | H59: =IFERROR(G59-C59,0) | I59: =IFERROR((G59-C59)/G59,0)
A60: Property Operations & Maintenance | B60: Grounds and Landscaping | C60: =IFERROR(IF('Dashboard'!$E$4="All Departments",SUMIFS('Transactions'!$I$7:$I$506,'Transactions'!$B$7:$B$506,'Dashboard'!$B$4,'Transactions'!$C$7:$C$506,"Actual",'Transactions'!$F$7:$F$506,$B60),SUMIFS('Transactions'!$I$7:$I$506,'Transactions'!$B$7:$B$506,'Dashboard'!$B$4,'Transactions'!$C$7:$C$506,"Actual",'Transactions'!$F$7:$F$506,$B60,'Transactions'!$D$7:$D$506,'Dashboard'!$E$4)),0) | D60: =IFERROR(IF('Dashboard'!$E$4="All Departments",SUMIFS('Transactions'!$I$7:$I$506,'Transactions'!$B$7:$B$506,'Dashboard'!$B$4,'Transactions'!$C$7:$C$506,"Budget",'Transactions'!$F$7:$F$506,$B60),SUMIFS('Transactions'!$I$7:$I$506,'Transactions'!$B$7:$B$506,'Dashboard'!$B$4,'Transactions'!$C$7:$C$506,"Budget",'Transactions'!$F$7:$F$506,$B60,'Transactions'!$D$7:$D$506,'Dashboard'!$E$4)),0) | E60: =IFERROR(D60-C60,0) | F60: =IFERROR((D60-C60)/D60,0) | G60: =IFERROR(IF('Dashboard'!$E$4="All Departments",SUMIFS('Transactions'!$I$7:$I$506,'Transactions'!$B$7:$B$506,EDATE('Dashboard'!$B$4,-1),'Transactions'!$C$7:$C$506,"Actual",'Transactions'!$F$7:$F$506,$B60),SUMIFS('Transactions'!$I$7:$I$506,'Transactions'!$B$7:$B$506,EDATE('Dashboard'!$B$4,-1),'Transactions'!$C$7:$C$506,"Actual",'Transactions'!$F$7:$F$506,$B60,'Transactions'!$D$7:$D$506,'Dashboard'!$E$4)),0) | H60: =IFERROR(G60-C60,0) | I60: =IFERROR((G60-C60)/G60,0)
A61: Property Operations & Maintenance | B61: Contract Services | C61: =IFERROR(IF('Dashboard'!$E$4="All Departments",SUMIFS('Transactions'!$I$7:$I$506,'Transactions'!$B$7:$B$506,'Dashboard'!$B$4,'Transactions'!$C$7:$C$506,"Actual",'Transactions'!$F$7:$F$506,$B61),SUMIFS('Transactions'!$I$7:$I$506,'Transactions'!$B$7:$B$506,'Dashboard'!$B$4,'Transactions'!$C$7:$C$506,"Actual",'Transactions'!$F$7:$F$506,$B61,'Transactions'!$D$7:$D$506,'Dashboard'!$E$4)),0) | D61: =IFERROR(IF('Dashboard'!$E$4="All Departments",SUMIFS('Transactions'!$I$7:$I$506,'Transactions'!$B$7:$B$506,'Dashboard'!$B$4,'Transactions'!$C$7:$C$506,"Budget",'Transactions'!$F$7:$F$506,$B61),SUMIFS('Transactions'!$I$7:$I$506,'Transactions'!$B$7:$B$506,'Dashboard'!$B$4,'Transactions'!$C$7:$C$506,"Budget",'Transactions'!$F$7:$F$506,$B61,'Transactions'!$D$7:$D$506,'Dashboard'!$E$4)),0) | E61: =IFERROR(D61-C61,0) | F61: =IFERROR((D61-C61)/D61,0) | G61: =IFERROR(IF('Dashboard'!$E$4="All Departments",SUMIFS('Transactions'!$I$7:$I$506,'Transactions'!$B$7:$B$506,EDATE('Dashboard'!$B$4,-1),'Transactions'!$C$7:$C$506,"Actual",'Transactions'!$F$7:$F$506,$B61),SUMIFS('Transactions'!$I$7:$I$506,'Transactions'!$B$7:$B$506,EDATE('Dashboard'!$B$4,-1),'Transactions'!$C$7:$C$506,"Actual",'Transactions'!$F$7:$F$506,$B61,'Transactions'!$D$7:$D$506,'Dashboard'!$E$4)),0) | H61: =IFERROR(G61-C61,0) | I61: =IFERROR((G61-C61)/G61,0)
A62: Property Operations & Maintenance | B62: Other Property Operations Expense | C62: =IFERROR(IF('Dashboard'!$E$4="All Departments",SUMIFS('Transactions'!$I$7:$I$506,'Transactions'!$B$7:$B$506,'Dashboard'!$B$4,'Transactions'!$C$7:$C$506,"Actual",'Transactions'!$F$7:$F$506,$B62),SUMIFS('Transactions'!$I$7:$I$506,'Transactions'!$B$7:$B$506,'Dashboard'!$B$4,'Transactions'!$C$7:$C$506,"Actual",'Transactions'!$F$7:$F$506,$B62,'Transactions'!$D$7:$D$506,'Dashboard'!$E$4)),0) | D62: =IFERROR(IF('Dashboard'!$E$4="All Departments",SUMIFS('Transactions'!$I$7:$I$506,'Transactions'!$B$7:$B$506,'Dashboard'!$B$4,'Transactions'!$C$7:$C$506,"Budget",'Transactions'!$F$7:$F$506,$B62),SUMIFS('Transactions'!$I$7:$I$506,'Transactions'!$B$7:$B$506,'Dashboard'!$B$4,'Transactions'!$C$7:$C$506,"Budget",'Transactions'!$F$7:$F$506,$B62,'Transactions'!$D$7:$D$506,'Dashboard'!$E$4)),0) | E62: =IFERROR(D62-C62,0) | F62: =IFERROR((D62-C62)/D62,0) | G62: =IFERROR(IF('Dashboard'!$E$4="All Departments",SUMIFS('Transactions'!$I$7:$I$506,'Transactions'!$B$7:$B$506,EDATE('Dashboard'!$B$4,-1),'Transactions'!$C$7:$C$506,"Actual",'Transactions'!$F$7:$F$506,$B62),SUMIFS('Transactions'!$I$7:$I$506,'Transactions'!$B$7:$B$506,EDATE('Dashboard'!$B$4,-1),'Transactions'!$C$7:$C$506,"Actual",'Transactions'!$F$7:$F$506,$B62,'Transactions'!$D$7:$D$506,'Dashboard'!$E$4)),0) | H62: =IFERROR(G62-C62,0) | I62: =IFERROR((G62-C62)/G62,0)
A63: Property Operations & Maintenance | B63: Total Property Operations & Maintenance | C63: =IFERROR(SUM(C58,C59,C60,C61,C62),0) | D63: =IFERROR(SUM(D58,D59,D60,D61,D62),0) | E63: =IFERROR(D63-C63,0) | F63: =IFERROR((D63-C63)/D63,0) | G63: =IFERROR(SUM(G58,G59,G60,G61,G62),0) | H63: =IFERROR(G63-C63,0) | I63: =IFERROR((G63-C63)/G63,0)
A64: Utilities
A65: Utilities | B65: Electricity | C65: =IFERROR(IF('Dashboard'!$E$4="All Departments",SUMIFS('Transactions'!$I$7:$I$506,'Transactions'!$B$7:$B$506,'Dashboard'!$B$4,'Transactions'!$C$7:$C$506,"Actual",'Transactions'!$F$7:$F$506,$B65),SUMIFS('Transactions'!$I$7:$I$506,'Transactions'!$B$7:$B$506,'Dashboard'!$B$4,'Transactions'!$C$7:$C$506,"Actual",'Transactions'!$F$7:$F$506,$B65,'Transactions'!$D$7:$D$506,'Dashboard'!$E$4)),0) | D65: =IFERROR(IF('Dashboard'!$E$4="All Departments",SUMIFS('Transactions'!$I$7:$I$506,'Transactions'!$B$7:$B$506,'Dashboard'!$B$4,'Transactions'!$C$7:$C$506,"Budget",'Transactions'!$F$7:$F$506,$B65),SUMIFS('Transactions'!$I$7:$I$506,'Transactions'!$B$7:$B$506,'Dashboard'!$B$4,'Transactions'!$C$7:$C$506,"Budget",'Transactions'!$F$7:$F$506,$B65,'Transactions'!$D$7:$D$506,'Dashboard'!$E$4)),0) | E65: =IFERROR(D65-C65,0) | F65: =IFERROR((D65-C65)/D65,0) | G65: =IFERROR(IF('Dashboard'!$E$4="All Departments",SUMIFS('Transactions'!$I$7:$I$506,'Transactions'!$B$7:$B$506,EDATE('Dashboard'!$B$4,-1),'Transactions'!$C$7:$C$506,"Actual",'Transactions'!$F$7:$F$506,$B65),SUMIFS('Transactions'!$I$7:$I$506,'Transactions'!$B$7:$B$506,EDATE('Dashboard'!$B$4,-1),'Transactions'!$C$7:$C$506,"Actual",'Transactions'!$F$7:$F$506,$B65,'Transactions'!$D$7:$D$506,'Dashboard'!$E$4)),0) | H65: =IFERROR(G65-C65,0) | I65: =IFERROR((G65-C65)/G65,0)
A66: Utilities | B66: Natural Gas | C66: =IFERROR(IF('Dashboard'!$E$4="All Departments",SUMIFS('Transactions'!$I$7:$I$506,'Transactions'!$B$7:$B$506,'Dashboard'!$B$4,'Transactions'!$C$7:$C$506,"Actual",'Transactions'!$F$7:$F$506,$B66),SUMIFS('Transactions'!$I$7:$I$506,'Transactions'!$B$7:$B$506,'Dashboard'!$B$4,'Transactions'!$C$7:$C$506,"Actual",'Transactions'!$F$7:$F$506,$B66,'Transactions'!$D$7:$D$506,'Dashboard'!$E$4)),0) | D66: =IFERROR(IF('Dashboard'!$E$4="All Departments",SUMIFS('Transactions'!$I$7:$I$506,'Transactions'!$B$7:$B$506,'Dashboard'!$B$4,'Transactions'!$C$7:$C$506,"Budget",'Transactions'!$F$7:$F$506,$B66),SUMIFS('Transactions'!$I$7:$I$506,'Transactions'!$B$7:$B$506,'Dashboard'!$B$4,'Transactions'!$C$7:$C$506,"Budget",'Transactions'!$F$7:$F$506,$B66,'Transactions'!$D$7:$D$506,'Dashboard'!$E$4)),0) | E66: =IFERROR(D66-C66,0) | F66: =IFERROR((D66-C66)/D66,0) | G66: =IFERROR(IF('Dashboard'!$E$4="All Departments",SUMIFS('Transactions'!$I$7:$I$506,'Transactions'!$B$7:$B$506,EDATE('Dashboard'!$B$4,-1),'Transactions'!$C$7:$C$506,"Actual",'Transactions'!$F$7:$F$506,$B66),SUMIFS('Transactions'!$I$7:$I$506,'Transactions'!$B$7:$B$506,EDATE('Dashboard'!$B$4,-1),'Transactions'!$C$7:$C$506,"Actual",'Transactions'!$F$7:$F$506,$B66,'Transactions'!$D$7:$D$506,'Dashboard'!$E$4)),0) | H66: =IFERROR(G66-C66,0) | I66: =IFERROR((G66-C66)/G66,0)
A67: Utilities | B67: Water and Sewer | C67: =IFERROR(IF('Dashboard'!$E$4="All Departments",SUMIFS('Transactions'!$I$7:$I$506,'Transactions'!$B$7:$B$506,'Dashboard'!$B$4,'Transactions'!$C$7:$C$506,"Actual",'Transactions'!$F$7:$F$506,$B67),SUMIFS('Transactions'!$I$7:$I$506,'Transactions'!$B$7:$B$506,'Dashboard'!$B$4,'Transactions'!$C$7:$C$506,"Actual",'Transactions'!$F$7:$F$506,$B67,'Transactions'!$D$7:$D$506,'Dashboard'!$E$4)),0) | D67: =IFERROR(IF('Dashboard'!$E$4="All Departments",SUMIFS('Transactions'!$I$7:$I$506,'Transactions'!$B$7:$B$506,'Dashboard'!$B$4,'Transactions'!$C$7:$C$506,"Budget",'Transactions'!$F$7:$F$506,$B67),SUMIFS('Transactions'!$I$7:$I$506,'Transactions'!$B$7:$B$506,'Dashboard'!$B$4,'Transactions'!$C$7:$C$506,"Budget",'Transactions'!$F$7:$F$506,$B67,'Transactions'!$D$7:$D$506,'Dashboard'!$E$4)),0) | E67: =IFERROR(D67-C67,0) | F67: =IFERROR((D67-C67)/D67,0) | G67: =IFERROR(IF('Dashboard'!$E$4="All Departments",SUMIFS('Transactions'!$I$7:$I$506,'Transactions'!$B$7:$B$506,EDATE('Dashboard'!$B$4,-1),'Transactions'!$C$7:$C$506,"Actual",'Transactions'!$F$7:$F$506,$B67),SUMIFS('Transactions'!$I$7:$I$506,'Transactions'!$B$7:$B$506,EDATE('Dashboard'!$B$4,-1),'Transactions'!$C$7:$C$506,"Actual",'Transactions'!$F$7:$F$506,$B67,'Transactions'!$D$7:$D$506,'Dashboard'!$E$4)),0) | H67: =IFERROR(G67-C67,0) | I67: =IFERROR((G67-C67)/G67,0)
A68: Utilities | B68: Internet and Telecommunications | C68: =IFERROR(IF('Dashboard'!$E$4="All Departments",SUMIFS('Transactions'!$I$7:$I$506,'Transactions'!$B$7:$B$506,'Dashboard'!$B$4,'Transactions'!$C$7:$C$506,"Actual",'Transactions'!$F$7:$F$506,$B68),SUMIFS('Transactions'!$I$7:$I$506,'Transactions'!$B$7:$B$506,'Dashboard'!$B$4,'Transactions'!$C$7:$C$506,"Actual",'Transactions'!$F$7:$F$506,$B68,'Transactions'!$D$7:$D$506,'Dashboard'!$E$4)),0) | D68: =IFERROR(IF('Dashboard'!$E$4="All Departments",SUMIFS('Transactions'!$I$7:$I$506,'Transactions'!$B$7:$B$506,'Dashboard'!$B$4,'Transactions'!$C$7:$C$506,"Budget",'Transactions'!$F$7:$F$506,$B68),SUMIFS('Transactions'!$I$7:$I$506,'Transactions'!$B$7:$B$506,'Dashboard'!$B$4,'Transactions'!$C$7:$C$506,"Budget",'Transactions'!$F$7:$F$506,$B68,'Transactions'!$D$7:$D$506,'Dashboard'!$E$4)),0) | E68: =IFERROR(D68-C68,0) | F68: =IFERROR((D68-C68)/D68,0) | G68: =IFERROR(IF('Dashboard'!$E$4="All Departments",SUMIFS('Transactions'!$I$7:$I$506,'Transactions'!$B$7:$B$506,EDATE('Dashboard'!$B$4,-1),'Transactions'!$C$7:$C$506,"Actual",'Transactions'!$F$7:$F$506,$B68),SUMIFS('Transactions'!$I$7:$I$506,'Transactions'!$B$7:$B$506,EDATE('Dashboard'!$B$4,-1),'Transactions'!$C$7:$C$506,"Actual",'Transactions'!$F$7:$F$506,$B68,'Transactions'!$D$7:$D$506,'Dashboard'!$E$4)),0) | H68: =IFERROR(G68-C68,0) | I68: =IFERROR((G68-C68)/G68,0)
A69: Utilities | B69: Waste Removal | C69: =IFERROR(IF('Dashboard'!$E$4="All Departments",SUMIFS('Transactions'!$I$7:$I$506,'Transactions'!$B$7:$B$506,'Dashboard'!$B$4,'Transactions'!$C$7:$C$506,"Actual",'Transactions'!$F$7:$F$506,$B69),SUMIFS('Transactions'!$I$7:$I$506,'Transactions'!$B$7:$B$506,'Dashboard'!$B$4,'Transactions'!$C$7:$C$506,"Actual",'Transactions'!$F$7:$F$506,$B69,'Transactions'!$D$7:$D$506,'Dashboard'!$E$4)),0) | D69: =IFERROR(IF('Dashboard'!$E$4="All Departments",SUMIFS('Transactions'!$I$7:$I$506,'Transactions'!$B$7:$B$506,'Dashboard'!$B$4,'Transactions'!$C$7:$C$506,"Budget",'Transactions'!$F$7:$F$506,$B69),SUMIFS('Transactions'!$I$7:$I$506,'Transactions'!$B$7:$B$506,'Dashboard'!$B$4,'Transactions'!$C$7:$C$506,"Budget",'Transactions'!$F$7:$F$506,$B69,'Transactions'!$D$7:$D$506,'Dashboard'!$E$4)),0) | E69: =IFERROR(D69-C69,0) | F69: =IFERROR((D69-C69)/D69,0) | G69: =IFERROR(IF('Dashboard'!$E$4="All Departments",SUMIFS('Transactions'!$I$7:$I$506,'Transactions'!$B$7:$B$506,EDATE('Dashboard'!$B$4,-1),'Transactions'!$C$7:$C$506,"Actual",'Transactions'!$F$7:$F$506,$B69),SUMIFS('Transactions'!$I$7:$I$506,'Transactions'!$B$7:$B$506,EDATE('Dashboard'!$B$4,-1),'Transactions'!$C$7:$C$506,"Actual",'Transactions'!$F$7:$F$506,$B69,'Transactions'!$D$7:$D$506,'Dashboard'!$E$4)),0) | H69: =IFERROR(G69-C69,0) | I69: =IFERROR((G69-C69)/G69,0)
A70: Utilities | B70: Total Utilities | C70: =IFERROR(SUM(C65,C66,C67,C68,C69),0) | D70: =IFERROR(SUM(D65,D66,D67,D68,D69),0) | E70: =IFERROR(D70-C70,0) | F70: =IFERROR((D70-C70)/D70,0) | G70: =IFERROR(SUM(G65,G66,G67,G68,G69),0) | H70: =IFERROR(G70-C70,0) | I70: =IFERROR((G70-C70)/G70,0)
A71: Undistributed Operating Expenses | B71: Total Undistributed Operating Expenses | C71: =IFERROR(SUM(C49,C56,C63,C70),0) | D71: =IFERROR(SUM(D49,D56,D63,D70),0) | E71: =IFERROR(D71-C71,0) | F71: =IFERROR((D71-C71)/D71,0) | G71: =IFERROR(SUM(G49,G56,G63,G70),0) | H71: =IFERROR(G71-C71,0) | I71: =IFERROR((G71-C71)/G71,0)
A72: Operating Profit | B72: Gross Operating Profit | C72: =IFERROR(C40-C71,0) | D72: =IFERROR(D40-D71,0) | E72: =IFERROR(C72-D72,0) | F72: =IFERROR((C72-D72)/D72,0) | G72: =IFERROR(G40-G71,0) | H72: =IFERROR(C72-G72,0) | I72: =IFERROR((C72-G72)/G72,0)
A73: Operating Profit | B73: GOP Margin | C73: =IFERROR(C72/C14,0) | D73: =IFERROR(D72/D14,0) | E73: =IFERROR(C73-D73,0) | F73: =IFERROR((C73-D73)/D73,0) | G73: =IFERROR(G72/G14,0) | H73: =IFERROR(C73-G73,0) | I73: =IFERROR((C73-G73)/G73,0)
A74: Fixed Charges
A75: Fixed Charges | B75: Property Taxes | C75: =IFERROR(IF('Dashboard'!$E$4="All Departments",SUMIFS('Transactions'!$I$7:$I$506,'Transactions'!$B$7:$B$506,'Dashboard'!$B$4,'Transactions'!$C$7:$C$506,"Actual",'Transactions'!$F$7:$F$506,$B75),SUMIFS('Transactions'!$I$7:$I$506,'Transactions'!$B$7:$B$506,'Dashboard'!$B$4,'Transactions'!$C$7:$C$506,"Actual",'Transactions'!$F$7:$F$506,$B75,'Transactions'!$D$7:$D$506,'Dashboard'!$E$4)),0) | D75: =IFERROR(IF('Dashboard'!$E$4="All Departments",SUMIFS('Transactions'!$I$7:$I$506,'Transactions'!$B$7:$B$506,'Dashboard'!$B$4,'Transactions'!$C$7:$C$506,"Budget",'Transactions'!$F$7:$F$506,$B75),SUMIFS('Transactions'!$I$7:$I$506,'Transactions'!$B$7:$B$506,'Dashboard'!$B$4,'Transactions'!$C$7:$C$506,"Budget",'Transactions'!$F$7:$F$506,$B75,'Transactions'!$D$7:$D$506,'Dashboard'!$E$4)),0) | E75: =IFERROR(D75-C75,0) | F75: =IFERROR((D75-C75)/D75,0) | G75: =IFERROR(IF('Dashboard'!$E$4="All Departments",SUMIFS('Transactions'!$I$7:$I$506,'Transactions'!$B$7:$B$506,EDATE('Dashboard'!$B$4,-1),'Transactions'!$C$7:$C$506,"Actual",'Transactions'!$F$7:$F$506,$B75),SUMIFS('Transactions'!$I$7:$I$506,'Transactions'!$B$7:$B$506,EDATE('Dashboard'!$B$4,-1),'Transactions'!$C$7:$C$506,"Actual",'Transactions'!$F$7:$F$506,$B75,'Transactions'!$D$7:$D$506,'Dashboard'!$E$4)),0) | H75: =IFERROR(G75-C75,0) | I75: =IFERROR((G75-C75)/G75,0)
A76: Fixed Charges | B76: Property Insurance | C76: =IFERROR(IF('Dashboard'!$E$4="All Departments",SUMIFS('Transactions'!$I$7:$I$506,'Transactions'!$B$7:$B$506,'Dashboard'!$B$4,'Transactions'!$C$7:$C$506,"Actual",'Transactions'!$F$7:$F$506,$B76),SUMIFS('Transactions'!$I$7:$I$506,'Transactions'!$B$7:$B$506,'Dashboard'!$B$4,'Transactions'!$C$7:$C$506,"Actual",'Transactions'!$F$7:$F$506,$B76,'Transactions'!$D$7:$D$506,'Dashboard'!$E$4)),0) | D76: =IFERROR(IF('Dashboard'!$E$4="All Departments",SUMIFS('Transactions'!$I$7:$I$506,'Transactions'!$B$7:$B$506,'Dashboard'!$B$4,'Transactions'!$C$7:$C$506,"Budget",'Transactions'!$F$7:$F$506,$B76),SUMIFS('Transactions'!$I$7:$I$506,'Transactions'!$B$7:$B$506,'Dashboard'!$B$4,'Transactions'!$C$7:$C$506,"Budget",'Transactions'!$F$7:$F$506,$B76,'Transactions'!$D$7:$D$506,'Dashboard'!$E$4)),0) | E76: =IFERROR(D76-C76,0) | F76: =IFERROR((D76-C76)/D76,0) | G76: =IFERROR(IF('Dashboard'!$E$4="All Departments",SUMIFS('Transactions'!$I$7:$I$506,'Transactions'!$B$7:$B$506,EDATE('Dashboard'!$B$4,-1),'Transactions'!$C$7:$C$506,"Actual",'Transactions'!$F$7:$F$506,$B76),SUMIFS('Transactions'!$I$7:$I$506,'Transactions'!$B$7:$B$506,EDATE('Dashboard'!$B$4,-1),'Transactions'!$C$7:$C$506,"Actual",'Transactions'!$F$7:$F$506,$B76,'Transactions'!$D$7:$D$506,'Dashboard'!$E$4)),0) | H76: =IFERROR(G76-C76,0) | I76: =IFERROR((G76-C76)/G76,0)
A77: Fixed Charges | B77: Equipment and Building Rent | C77: =IFERROR(IF('Dashboard'!$E$4="All Departments",SUMIFS('Transactions'!$I$7:$I$506,'Transactions'!$B$7:$B$506,'Dashboard'!$B$4,'Transactions'!$C$7:$C$506,"Actual",'Transactions'!$F$7:$F$506,$B77),SUMIFS('Transactions'!$I$7:$I$506,'Transactions'!$B$7:$B$506,'Dashboard'!$B$4,'Transactions'!$C$7:$C$506,"Actual",'Transactions'!$F$7:$F$506,$B77,'Transactions'!$D$7:$D$506,'Dashboard'!$E$4)),0) | D77: =IFERROR(IF('Dashboard'!$E$4="All Departments",SUMIFS('Transactions'!$I$7:$I$506,'Transactions'!$B$7:$B$506,'Dashboard'!$B$4,'Transactions'!$C$7:$C$506,"Budget",'Transactions'!$F$7:$F$506,$B77),SUMIFS('Transactions'!$I$7:$I$506,'Transactions'!$B$7:$B$506,'Dashboard'!$B$4,'Transactions'!$C$7:$C$506,"Budget",'Transactions'!$F$7:$F$506,$B77,'Transactions'!$D$7:$D$506,'Dashboard'!$E$4)),0) | E77: =IFERROR(D77-C77,0) | F77: =IFERROR((D77-C77)/D77,0) | G77: =IFERROR(IF('Dashboard'!$E$4="All Departments",SUMIFS('Transactions'!$I$7:$I$506,'Transactions'!$B$7:$B$506,EDATE('Dashboard'!$B$4,-1),'Transactions'!$C$7:$C$506,"Actual",'Transactions'!$F$7:$F$506,$B77),SUMIFS('Transactions'!$I$7:$I$506,'Transactions'!$B$7:$B$506,EDATE('Dashboard'!$B$4,-1),'Transactions'!$C$7:$C$506,"Actual",'Transactions'!$F$7:$F$506,$B77,'Transactions'!$D$7:$D$506,'Dashboard'!$E$4)),0) | H77: =IFERROR(G77-C77,0) | I77: =IFERROR((G77-C77)/G77,0)
A78: Fixed Charges | B78: Management Fees | C78: =IFERROR(IF('Dashboard'!$E$4="All Departments",SUMIFS('Transactions'!$I$7:$I$506,'Transactions'!$B$7:$B$506,'Dashboard'!$B$4,'Transactions'!$C$7:$C$506,"Actual",'Transactions'!$F$7:$F$506,$B78),SUMIFS('Transactions'!$I$7:$I$506,'Transactions'!$B$7:$B$506,'Dashboard'!$B$4,'Transactions'!$C$7:$C$506,"Actual",'Transactions'!$F$7:$F$506,$B78,'Transactions'!$D$7:$D$506,'Dashboard'!$E$4)),0) | D78: =IFERROR(IF('Dashboard'!$E$4="All Departments",SUMIFS('Transactions'!$I$7:$I$506,'Transactions'!$B$7:$B$506,'Dashboard'!$B$4,'Transactions'!$C$7:$C$506,"Budget",'Transactions'!$F$7:$F$506,$B78),SUMIFS('Transactions'!$I$7:$I$506,'Transactions'!$B$7:$B$506,'Dashboard'!$B$4,'Transactions'!$C$7:$C$506,"Budget",'Transactions'!$F$7:$F$506,$B78,'Transactions'!$D$7:$D$506,'Dashboard'!$E$4)),0) | E78: =IFERROR(D78-C78,0) | F78: =IFERROR((D78-C78)/D78,0) | G78: =IFERROR(IF('Dashboard'!$E$4="All Departments",SUMIFS('Transactions'!$I$7:$I$506,'Transactions'!$B$7:$B$506,EDATE('Dashboard'!$B$4,-1),'Transactions'!$C$7:$C$506,"Actual",'Transactions'!$F$7:$F$506,$B78),SUMIFS('Transactions'!$I$7:$I$506,'Transactions'!$B$7:$B$506,EDATE('Dashboard'!$B$4,-1),'Transactions'!$C$7:$C$506,"Actual",'Transactions'!$F$7:$F$506,$B78,'Transactions'!$D$7:$D$506,'Dashboard'!$E$4)),0) | H78: =IFERROR(G78-C78,0) | I78: =IFERROR((G78-C78)/G78,0)
A79: Fixed Charges | B79: Franchise Fees | C79: =IFERROR(IF('Dashboard'!$E$4="All Departments",SUMIFS('Transactions'!$I$7:$I$506,'Transactions'!$B$7:$B$506,'Dashboard'!$B$4,'Transactions'!$C$7:$C$506,"Actual",'Transactions'!$F$7:$F$506,$B79),SUMIFS('Transactions'!$I$7:$I$506,'Transactions'!$B$7:$B$506,'Dashboard'!$B$4,'Transactions'!$C$7:$C$506,"Actual",'Transactions'!$F$7:$F$506,$B79,'Transactions'!$D$7:$D$506,'Dashboard'!$E$4)),0) | D79: =IFERROR(IF('Dashboard'!$E$4="All Departments",SUMIFS('Transactions'!$I$7:$I$506,'Transactions'!$B$7:$B$506,'Dashboard'!$B$4,'Transactions'!$C$7:$C$506,"Budget",'Transactions'!$F$7:$F$506,$B79),SUMIFS('Transactions'!$I$7:$I$506,'Transactions'!$B$7:$B$506,'Dashboard'!$B$4,'Transactions'!$C$7:$C$506,"Budget",'Transactions'!$F$7:$F$506,$B79,'Transactions'!$D$7:$D$506,'Dashboard'!$E$4)),0) | E79: =IFERROR(D79-C79,0) | F79: =IFERROR((D79-C79)/D79,0) | G79: =IFERROR(IF('Dashboard'!$E$4="All Departments",SUMIFS('Transactions'!$I$7:$I$506,'Transactions'!$B$7:$B$506,EDATE('Dashboard'!$B$4,-1),'Transactions'!$C$7:$C$506,"Actual",'Transactions'!$F$7:$F$506,$B79),SUMIFS('Transactions'!$I$7:$I$506,'Transactions'!$B$7:$B$506,EDATE('Dashboard'!$B$4,-1),'Transactions'!$C$7:$C$506,"Actual",'Transactions'!$F$7:$F$506,$B79,'Transactions'!$D$7:$D$506,'Dashboard'!$E$4)),0) | H79: =IFERROR(G79-C79,0) | I79: =IFERROR((G79-C79)/G79,0)
A80: Fixed Charges | B80: Reserve for Replacement | C80: =IFERROR(IF('Dashboard'!$E$4="All Departments",SUMIFS('Transactions'!$I$7:$I$506,'Transactions'!$B$7:$B$506,'Dashboard'!$B$4,'Transactions'!$C$7:$C$506,"Actual",'Transactions'!$F$7:$F$506,$B80),SUMIFS('Transactions'!$I$7:$I$506,'Transactions'!$B$7:$B$506,'Dashboard'!$B$4,'Transactions'!$C$7:$C$506,"Actual",'Transactions'!$F$7:$F$506,$B80,'Transactions'!$D$7:$D$506,'Dashboard'!$E$4)),0) | D80: =IFERROR(IF('Dashboard'!$E$4="All Departments",SUMIFS('Transactions'!$I$7:$I$506,'Transactions'!$B$7:$B$506,'Dashboard'!$B$4,'Transactions'!$C$7:$C$506,"Budget",'Transactions'!$F$7:$F$506,$B80),SUMIFS('Transactions'!$I$7:$I$506,'Transactions'!$B$7:$B$506,'Dashboard'!$B$4,'Transactions'!$C$7:$C$506,"Budget",'Transactions'!$F$7:$F$506,$B80,'Transactions'!$D$7:$D$506,'Dashboard'!$E$4)),0) | E80: =IFERROR(D80-C80,0) | F80: =IFERROR((D80-C80)/D80,0) | G80: =IFERROR(IF('Dashboard'!$E$4="All Departments",SUMIFS('Transactions'!$I$7:$I$506,'Transactions'!$B$7:$B$506,EDATE('Dashboard'!$B$4,-1),'Transactions'!$C$7:$C$506,"Actual",'Transactions'!$F$7:$F$506,$B80),SUMIFS('Transactions'!$I$7:$I$506,'Transactions'!$B$7:$B$506,EDATE('Dashboard'!$B$4,-1),'Transactions'!$C$7:$C$506,"Actual",'Transactions'!$F$7:$F$506,$B80,'Transactions'!$D$7:$D$506,'Dashboard'!$E$4)),0) | H80: =IFERROR(G80-C80,0) | I80: =IFERROR((G80-C80)/G80,0)
A81: Fixed Charges | B81: Other Fixed Charges | C81: =IFERROR(IF('Dashboard'!$E$4="All Departments",SUMIFS('Transactions'!$I$7:$I$506,'Transactions'!$B$7:$B$506,'Dashboard'!$B$4,'Transactions'!$C$7:$C$506,"Actual",'Transactions'!$F$7:$F$506,$B81),SUMIFS('Transactions'!$I$7:$I$506,'Transactions'!$B$7:$B$506,'Dashboard'!$B$4,'Transactions'!$C$7:$C$506,"Actual",'Transactions'!$F$7:$F$506,$B81,'Transactions'!$D$7:$D$506,'Dashboard'!$E$4)),0) | D81: =IFERROR(IF('Dashboard'!$E$4="All Departments",SUMIFS('Transactions'!$I$7:$I$506,'Transactions'!$B$7:$B$506,'Dashboard'!$B$4,'Transactions'!$C$7:$C$506,"Budget",'Transactions'!$F$7:$F$506,$B81),SUMIFS('Transactions'!$I$7:$I$506,'Transactions'!$B$7:$B$506,'Dashboard'!$B$4,'Transactions'!$C$7:$C$506,"Budget",'Transactions'!$F$7:$F$506,$B81,'Transactions'!$D$7:$D$506,'Dashboard'!$E$4)),0) | E81: =IFERROR(D81-C81,0) | F81: =IFERROR((D81-C81)/D81,0) | G81: =IFERROR(IF('Dashboard'!$E$4="All Departments",SUMIFS('Transactions'!$I$7:$I$506,'Transactions'!$B$7:$B$506,EDATE('Dashboard'!$B$4,-1),'Transactions'!$C$7:$C$506,"Actual",'Transactions'!$F$7:$F$506,$B81),SUMIFS('Transactions'!$I$7:$I$506,'Transactions'!$B$7:$B$506,EDATE('Dashboard'!$B$4,-1),'Transactions'!$C$7:$C$506,"Actual",'Transactions'!$F$7:$F$506,$B81,'Transactions'!$D$7:$D$506,'Dashboard'!$E$4)),0) | H81: =IFERROR(G81-C81,0) | I81: =IFERROR((G81-C81)/G81,0)
A82: Fixed Charges | B82: Total Fixed Charges | C82: =IFERROR(SUM(C75,C76,C77,C78,C79,C80,C81),0) | D82: =IFERROR(SUM(D75,D76,D77,D78,D79,D80,D81),0) | E82: =IFERROR(D82-C82,0) | F82: =IFERROR((D82-C82)/D82,0) | G82: =IFERROR(SUM(G75,G76,G77,G78,G79,G80,G81),0) | H82: =IFERROR(G82-C82,0) | I82: =IFERROR((G82-C82)/G82,0)
A83: Net Operating Income | B83: Net Operating Income | C83: =IFERROR(C72-C82,0) | D83: =IFERROR(D72-D82,0) | E83: =IFERROR(C83-D83,0) | F83: =IFERROR((C83-D83)/D83,0) | G83: =IFERROR(G72-G82,0) | H83: =IFERROR(C83-G83,0) | I83: =IFERROR((C83-G83)/G83,0)
A84: Net Operating Income | B84: NOI Margin | C84: =IFERROR(C83/C14,0) | D84: =IFERROR(D83/D14,0) | E84: =IFERROR(C84-D84,0) | F84: =IFERROR((C84-D84)/D84,0) | G84: =IFERROR(G83/G14,0) | H84: =IFERROR(C84-G84,0) | I84: =IFERROR((C84-G84)/G84,0)
C85: ="" | D85: ="" | E85: ="" | F85: ="" | G85: ="" | H85: ="" | I85: =""
C86: ="" | D86: ="" | E86: ="" | F86: ="" | G86: ="" | H86: ="" | I86: =""
C87: ="" | D87: ="" | E87: ="" | F87: ="" | G87: ="" | H87: ="" | I87: =""
C88: ="" | D88: ="" | E88: ="" | F88: ="" | G88: ="" | H88: ="" | I88: =""
C89: ="" | D89: ="" | E89: ="" | F89: ="" | G89: ="" | H89: ="" | I89: =""
C90: ="" | D90: ="" | E90: ="" | F90: ="" | G90: ="" | H90: ="" | I90: =""
C91: ="" | D91: ="" | E91: ="" | F91: ="" | G91: ="" | H91: ="" | I91: =""
C92: ="" | D92: ="" | E92: ="" | F92: ="" | G92: ="" | H92: ="" | I92: =""
C93: ="" | D93: ="" | E93: ="" | F93: ="" | G93: ="" | H93: ="" | I93: =""
C94: ="" | D94: ="" | E94: ="" | F94: ="" | G94: ="" | H94: ="" | I94: =""
C95: ="" | D95: ="" | E95: ="" | F95: ="" | G95: ="" | H95: ="" | I95: =""
C96: ="" | D96: ="" | E96: ="" | F96: ="" | G96: ="" | H96: ="" | I96: =""
... C101: ="" | D101: ="" | E101: ="" | F101: ="" | G101: ="" | H101: ="" | I101: =""

Sheet Transactions
A1: Hotel Monthly Profit and Loss Transactions
A2: Enter or paste one summarized monthly record per account, department, scenario, and source reference. Enter revenue and expenses as positive amounts.
A3: This workbook does not connect directly to hotel systems. Data may be entered manually or pasted into the prepared table.
A6: Transaction Date | B6: Reporting Month | C6: Scenario | D6: Department | E6: P&L Section | F6: P&L Line | G6: Account Code | H6: Account Description | I6: Amount | J6: Source System | K6: Source Reference | L6: Prepared By | M6: Entry Date | N6: Notes | O6: Data Check
A7: 46203 | B7: =IFERROR(IF(A7="","",A7-DAY(A7)+1),"") | C7: Actual | D7: Rooms | E7: Revenue | F7: Rooms Revenue | G7: 4000 | H7: Guest Room Revenue | I7: 284760 | J7: PMS Export | K7: PMS-2026-06-RMREV | L7: Hotel Finance Team | M7: 46208 | N7: Monthly operating summary | O7: =IFERROR(IF(COUNTA(A7,C7:N7)=0,"",IF(A7="","Missing transaction date",IF(C7="","Missing scenario",IF(D7="","Missing department",IF(E7="","Missing P&L section",IF(F7="","Missing P&L line",IF(ISBLANK(I7),"Missing amount",IF(I7=0,"Zero amount",IF(OR(A7<DATE(2026,1,1),A7>DATE(2026,12,31)),"Date outside 2026",IF(AND(K7<>"",COUNTIF($K$7:$K$506,K7)>1),"Duplicate source reference","OK")))))))))),"")
A8: 46203 | B8: =IFERROR(IF(A8="","",A8-DAY(A8)+1),"") | C8: Budget | D8: Rooms | E8: Revenue | F8: Rooms Revenue | G8: 4000-B | H8: Budgeted Guest Room Revenue | I8: 276500 | J8: Manual Entry | K8: BUD-2026-06-RMREV | L8: Hotel Finance Team | M8: 46208 | N8: Monthly operating summary | O8: =IFERROR(IF(COUNTA(A8,C8:N8)=0,"",IF(A8="","Missing transaction date",IF(C8="","Missing scenario",IF(D8="","Missing department",IF(E8="","Missing P&L section",IF(F8="","Missing P&L line",IF(ISBLANK(I8),"Missing amount",IF(I8=0,"Zero amount",IF(OR(A8<DATE(2026,1,1),A8>DATE(2026,12,31)),"Date outside 2026",IF(AND(K8<>"",COUNTIF($K$7:$K$506,K8)>1),"Duplicate source reference","OK")))))))))),"")
A9: 46203 | B9: =IFERROR(IF(A9="","",A9-DAY(A9)+1),"") | C9: Actual | D9: Food & Beverage | E9: Revenue | F9: Food Revenue | G9: 4100 | H9: Restaurant and Banquet Food Revenue | I9: 86420 | J9: POS Export | K9: POS-2026-06-FOOD | L9: Hotel Finance Team | M9: 46208 | N9: Monthly operating summary | O9: =IFERROR(IF(COUNTA(A9,C9:N9)=0,"",IF(A9="","Missing transaction date",IF(C9="","Missing scenario",IF(D9="","Missing department",IF(E9="","Missing P&L section",IF(F9="","Missing P&L line",IF(ISBLANK(I9),"Missing amount",IF(I9=0,"Zero amount",IF(OR(A9<DATE(2026,1,1),A9>DATE(2026,12,31)),"Date outside 2026",IF(AND(K9<>"",COUNTIF($K$7:$K$506,K9)>1),"Duplicate source reference","OK")))))))))),"")
A10: 46203 | B10: =IFERROR(IF(A10="","",A10-DAY(A10)+1),"") | C10: Budget | D10: Food & Beverage | E10: Revenue | F10: Food Revenue | G10: 4100-B | H10: Budgeted Food Revenue | I10: 82000 | J10: Manual Entry | K10: BUD-2026-06-FOOD | L10: Hotel Finance Team | M10: 46208 | N10: Monthly operating summary | O10: =IFERROR(IF(COUNTA(A10,C10:N10)=0,"",IF(A10="","Missing transaction date",IF(C10="","Missing scenario",IF(D10="","Missing department",IF(E10="","Missing P&L section",IF(F10="","Missing P&L line",IF(ISBLANK(I10),"Missing amount",IF(I10=0,"Zero amount",IF(OR(A10<DATE(2026,1,1),A10>DATE(2026,12,31)),"Date outside 2026",IF(AND(K10<>"",COUNTIF($K$7:$K$506,K10)>1),"Duplicate source reference","OK")))))))))),"")
A11: 46203 | B11: =IFERROR(IF(A11="","",A11-DAY(A11)+1),"") | C11: Actual | D11: Rooms | E11: Departmental Expense | F11: Rooms Payroll | G11: 5100 | H11: Rooms Department Wages | I11: 71190 | J11: Payroll Report | K11: PAY-2026-06-ROOMS | L11: Hotel Finance Team | M11: 46208 | N11: Monthly operating summary | O11: =IFERROR(IF(COUNTA(A11,C11:N11)=0,"",IF(A11="","Missing transaction date",IF(C11="","Missing scenario",IF(D11="","Missing department",IF(E11="","Missing P&L section",IF(F11="","Missing P&L line",IF(ISBLANK(I11),"Missing amount",IF(I11=0,"Zero amount",IF(OR(A11<DATE(2026,1,1),A11>DATE(2026,12,31)),"Date outside 2026",IF(AND(K11<>"",COUNTIF($K$7:$K$506,K11)>1),"Duplicate source reference","OK")))))))))),"")
A12: 46203 | B12: =IFERROR(IF(A12="","",A12-DAY(A12)+1),"") | C12: Budget | D12: Rooms | E12: Departmental Expense | F12: Rooms Payroll | G12: 5100-B | H12: Budgeted Rooms Department Wages | I12: 69500 | J12: Manual Entry | K12: BUD-2026-06-RMPAY | L12: Hotel Finance Team | M12: 46208 | N12: Monthly operating summary | O12: =IFERROR(IF(COUNTA(A12,C12:N12)=0,"",IF(A12="","Missing transaction date",IF(C12="","Missing scenario",IF(D12="","Missing department",IF(E12="","Missing P&L section",IF(F12="","Missing P&L line",IF(ISBLANK(I12),"Missing amount",IF(I12=0,"Zero amount",IF(OR(A12<DATE(2026,1,1),A12>DATE(2026,12,31)),"Date outside 2026",IF(AND(K12<>"",COUNTIF($K$7:$K$506,K12)>1),"Duplicate source reference","OK")))))))))),"")
A13: 46203 | B13: =IFERROR(IF(A13="","",A13-DAY(A13)+1),"") | C13: Actual | D13: Food & Beverage | E13: Departmental Expense | F13: Food Cost | G13: 5200 | H13: Food Cost of Sales | I13: 27655 | J13: Accounting Export | K13: GL-2026-06-FOODCOST | L13: Hotel Finance Team | M13: 46208 | N13: Monthly operating summary | O13: =IFERROR(IF(COUNTA(A13,C13:N13)=0,"",IF(A13="","Missing transaction date",IF(C13="","Missing scenario",IF(D13="","Missing department",IF(E13="","Missing P&L section",IF(F13="","Missing P&L line",IF(ISBLANK(I13),"Missing amount",IF(I13=0,"Zero amount",IF(OR(A13<DATE(2026,1,1),A13>DATE(2026,12,31)),"Date outside 2026",IF(AND(K13<>"",COUNTIF($K$7:$K$506,K13)>1),"Duplicate source reference","OK")))))))))),"")
A14: 46203 | B14: =IFERROR(IF(A14="","",A14-DAY(A14)+1),"") | C14: Budget | D14: Food & Beverage | E14: Departmental Expense | F14: Food Cost | G14: 5200-B | H14: Budgeted Food Cost | I14: 26240 | J14: Manual Entry | K14: BUD-2026-06-FOODCOST | L14: Hotel Finance Team | M14: 46208 | N14: Monthly operating summary | O14: =IFERROR(IF(COUNTA(A14,C14:N14)=0,"",IF(A14="","Missing transaction date",IF(C14="","Missing scenario",IF(D14="","Missing department",IF(E14="","Missing P&L section",IF(F14="","Missing P&L line",IF(ISBLANK(I14),"Missing amount",IF(I14=0,"Zero amount",IF(OR(A14<DATE(2026,1,1),A14>DATE(2026,12,31)),"Date outside 2026",IF(AND(K14<>"",COUNTIF($K$7:$K$506,K14)>1),"Duplicate source reference","OK")))))))))),"")
A15: 46203 | B15: =IFERROR(IF(A15="","",A15-DAY(A15)+1),"") | C15: Actual | D15: Utilities | E15: Undistributed Operating Expense | F15: Electricity | G15: 6500 | H15: Electricity Expense | I15: 18940 | J15: Accounting Export | K15: GL-2026-06-ELECTRIC | L15: Hotel Finance Team | M15: 46208 | N15: Monthly operating summary | O15: =IFERROR(IF(COUNTA(A15,C15:N15)=0,"",IF(A15="","Missing transaction date",IF(C15="","Missing scenario",IF(D15="","Missing department",IF(E15="","Missing P&L section",IF(F15="","Missing P&L line",IF(ISBLANK(I15),"Missing amount",IF(I15=0,"Zero amount",IF(OR(A15<DATE(2026,1,1),A15>DATE(2026,12,31)),"Date outside 2026",IF(AND(K15<>"",COUNTIF($K$7:$K$506,K15)>1),"Duplicate source reference","OK")))))))))),"")
A16: 46203 | B16: =IFERROR(IF(A16="","",A16-DAY(A16)+1),"") | C16: Budget | D16: Utilities | E16: Undistributed Operating Expense | F16: Electricity | G16: 6500-B | H16: Budgeted Electricity Expense | I16: 17800 | J16: Manual Entry | K16: BUD-2026-06-ELECTRIC | L16: Hotel Finance Team | M16: 46208 | N16: Monthly operating summary | O16: =IFERROR(IF(COUNTA(A16,C16:N16)=0,"",IF(A16="","Missing transaction date",IF(C16="","Missing scenario",IF(D16="","Missing department",IF(E16="","Missing P&L section",IF(F16="","Missing P&L line",IF(ISBLANK(I16),"Missing amount",IF(I16=0,"Zero amount",IF(OR(A16<DATE(2026,1,1),A16>DATE(2026,12,31)),"Date outside 2026",IF(AND(K16<>"",COUNTIF($K$7:$K$506,K16)>1),"Duplicate source reference","OK")))))))))),"")
B17: =IFERROR(IF(A17="","",A17-DAY(A17)+1),"") | O17: =IFERROR(IF(COUNTA(A17,C17:N17)=0,"",IF(A17="","Missing transaction date",IF(C17="","Missing scenario",IF(D17="","Missing department",IF(E17="","Missing P&L section",IF(F17="","Missing P&L line",IF(ISBLANK(I17),"Missing amount",IF(I17=0,"Zero amount",IF(OR(A17<DATE(2026,1,1),A17>DATE(2026,12,31)),"Date outside 2026",IF(AND(K17<>"",COUNTIF($K$7:$K$506,K17)>1),"Duplicate source reference","OK")))))))))),"")
B18: =IFERROR(IF(A18="","",A18-DAY(A18)+1),"") | O18: =IFERROR(IF(COUNTA(A18,C18:N18)=0,"",IF(A18="","Missing transaction date",IF(C18="","Missing scenario",IF(D18="","Missing department",IF(E18="","Missing P&L section",IF(F18="","Missing P&L line",IF(ISBLANK(I18),"Missing amount",IF(I18=0,"Zero amount",IF(OR(A18<DATE(2026,1,1),A18>DATE(2026,12,31)),"Date outside 2026",IF(AND(K18<>"",COUNTIF($K$7:$K$506,K18)>1),"Duplicate source reference","OK")))))))))),"")
B19: =IFERROR(IF(A19="","",A19-DAY(A19)+1),"") | O19: =IFERROR(IF(COUNTA(A19,C19:N19)=0,"",IF(A19="","Missing transaction date",IF(C19="","Missing scenario",IF(D19="","Missing department",IF(E19="","Missing P&L section",IF(F19="","Missing P&L line",IF(ISBLANK(I19),"Missing amount",IF(I19=0,"Zero amount",IF(OR(A19<DATE(2026,1,1),A19>DATE(2026,12,31)),"Date outside 2026",IF(AND(K19<>"",COUNTIF($K$7:$K$506,K19)>1),"Duplicate source reference","OK")))))))))),"")
B20: =IFERROR(IF(A20="","",A20-DAY(A20)+1),"") | O20: =IFERROR(IF(COUNTA(A20,C20:N20)=0,"",IF(A20="","Missing transaction date",IF(C20="","Missing scenario",IF(D20="","Missing department",IF(E20="","Missing P&L section",IF(F20="","Missing P&L line",IF(ISBLANK(I20),"Missing amount",IF(I20=0,"Zero amount",IF(OR(A20<DATE(2026,1,1),A20>DATE(2026,12,31)),"Date outside 2026",IF(AND(K20<>"",COUNTIF($K$7:$K$506,K20)>1),"Duplicate source reference","OK")))))))))),"")
B21: =IFERROR(IF(A21="","",A21-DAY(A21)+1),"") | O21: =IFERROR(IF(COUNTA(A21,C21:N21)=0,"",IF(A21="","Missing transaction date",IF(C21="","Missing scenario",IF(D21="","Missing department",IF(E21="","Missing P&L section",IF(F21="","Missing P&L line",IF(ISBLANK(I21),"Missing amount",IF(I21=0,"Zero amount",IF(OR(A21<DATE(2026,1,1),A21>DATE(2026,12,31)),"Date outside 2026",IF(AND(K21<>"",COUNTIF($K$7:$K$506,K21)>1),"Duplicate source reference","OK")))))))))),"")
B22: =IFERROR(IF(A22="","",A22-DAY(A22)+1),"") | O22: =IFERROR(IF(COUNTA(A22,C22:N22)=0,"",IF(A22="","Missing transaction date",IF(C22="","Missing scenario",IF(D22="","Missing department",IF(E22="","Missing P&L section",IF(F22="","Missing P&L line",IF(ISBLANK(I22),"Missing amount",IF(I22=0,"Zero amount",IF(OR(A22<DATE(2026,1,1),A22>DATE(2026,12,31)),"Date outside 2026",IF(AND(K22<>"",COUNTIF($K$7:$K$506,K22)>1),"Duplicate source reference","OK")))))))))),"")
B23: =IFERROR(IF(A23="","",A23-DAY(A23)+1),"") | O23: =IFERROR(IF(COUNTA(A23,C23:N23)=0,"",IF(A23="","Missing transaction date",IF(C23="","Missing scenario",IF(D23="","Missing department",IF(E23="","Missing P&L section",IF(F23="","Missing P&L line",IF(ISBLANK(I23),"Missing amount",IF(I23=0,"Zero amount",IF(OR(A23<DATE(2026,1,1),A23>DATE(2026,12,31)),"Date outside 2026",IF(AND(K23<>"",COUNTIF($K$7:$K$506,K23)>1),"Duplicate source reference","OK")))))))))),"")
B24: =IFERROR(IF(A24="","",A24-DAY(A24)+1),"") | O24: =IFERROR(IF(COUNTA(A24,C24:N24)=0,"",IF(A24="","Missing transaction date",IF(C24="","Missing scenario",IF(D24="","Missing department",IF(E24="","Missing P&L section",IF(F24="","Missing P&L line",IF(ISBLANK(I24),"Missing amount",IF(I24=0,"Zero amount",IF(OR(A24<DATE(2026,1,1),A24>DATE(2026,12,31)),"Date outside 2026",IF(AND(K24<>"",COUNTIF($K$7:$K$506,K24)>1),"Duplicate source reference","OK")))))))))),"")
B25: =IFERROR(IF(A25="","",A25-DAY(A25)+1),"") | O25: =IFERROR(IF(COUNTA(A25,C25:N25)=0,"",IF(A25="","Missing transaction date",IF(C25="","Missing scenario",IF(D25="","Missing department",IF(E25="","Missing P&L section",IF(F25="","Missing P&L line",IF(ISBLANK(I25),"Missing amount",IF(I25=0,"Zero amount",IF(OR(A25<DATE(2026,1,1),A25>DATE(2026,12,31)),"Date outside 2026",IF(AND(K25<>"",COUNTIF($K$7:$K$506,K25)>1),"Duplicate source reference","OK")))))))))),"")
B26: =IFERROR(IF(A26="","",A26-DAY(A26)+1),"") | O26: =IFERROR(IF(COUNTA(A26,C26:N26)=0,"",IF(A26="","Missing transaction date",IF(C26="","Missing scenario",IF(D26="","Missing department",IF(E26="","Missing P&L section",IF(F26="","Missing P&L line",IF(ISBLANK(I26),"Missing amount",IF(I26=0,"Zero amount",IF(OR(A26<DATE(2026,1,1),A26>DATE(2026,12,31)),"Date outside 2026",IF(AND(K26<>"",COUNTIF($K$7:$K$506,K26)>1),"Duplicate source reference","OK")))))))))),"")
B27: =IFERROR(IF(A27="","",A27-DAY(A27)+1),"") | O27: =IFERROR(IF(COUNTA(A27,C27:N27)=0,"",IF(A27="","Missing transaction date",IF(C27="","Missing scenario",IF(D27="","Missing department",IF(E27="","Missing P&L section",IF(F27="","Missing P&L line",IF(ISBLANK(I27),"Missing amount",IF(I27=0,"Zero amount",IF(OR(A27<DATE(2026,1,1),A27>DATE(2026,12,31)),"Date outside 2026",IF(AND(K27<>"",COUNTIF($K$7:$K$506,K27)>1),"Duplicate source reference","OK")))))))))),"")
B28: =IFERROR(IF(A28="","",A28-DAY(A28)+1),"") | O28: =IFERROR(IF(COUNTA(A28,C28:N28)=0,"",IF(A28="","Missing transaction date",IF(C28="","Missing scenario",IF(D28="","Missing department",IF(E28="","Missing P&L section",IF(F28="","Missing P&L line",IF(ISBLANK(I28),"Missing amount",IF(I28=0,"Zero amount",IF(OR(A28<DATE(2026,1,1),A28>DATE(2026,12,31)),"Date outside 2026",IF(AND(K28<>"",COUNTIF($K$7:$K$506,K28)>1),"Duplicate source reference","OK")))))))))),"")
... B506: =IFERROR(IF(A506="","",A506-DAY(A506)+1),"") | O506: =IFERROR(IF(COUNTA(A506,C506:N506)=0,"",IF(A506="","Missing transaction date",IF(C506="","Missing scenario",IF(D506="","Missing department",IF(E506="","Missing P&L section",IF(F506="","Missing P&L line",IF(ISBLANK(I506),"Missing amount",IF(I506=0,"Zero amount",IF(OR(A506<DATE(2026,1,1),A506>DATE(2026,12,31)),"Date outside 2026",IF(AND(K506<>"",COUNTIF($K$7:$K$506,K506)>1),"Duplicate source reference","OK")))))))))),"")

Sheet Setup
A1: Hotel Profit and Loss Setup
A2: Edit property assumptions and monthly operating statistics in pale yellow cells.
A4: Property Assumptions | K4: Scenarios | L4: Departments | M4: P&L Sections | N4: Source Systems | O4: P&L Lines
A5: Property Name | B5: Harbor View Hotel | K5: Actual | L5: Rooms | M5: Revenue | N5: Manual Entry | O5: Rooms Revenue
A6: Room Count | B6: 120 | K6: Budget | L6: Food & Beverage | M6: Departmental Expense | N6: PMS Export | O6: Food Revenue
A7: Labor Cost Target | B7: 0.32 | L7: Other Operated Departments | M7: Undistributed Operating Expense | N7: POS Export | O7: Beverage Revenue
A8: GOP Margin Target | B8: 0.38 | L8: Administrative & General | M8: Fixed Charge | N8: Payroll Report | O8: Meeting Room Rental
A9: Occupancy Alert Threshold | B9: 0.6 | L9: Sales & Marketing | N9: Accounting Export | O9: Resort or Amenity Revenue
A10: Revenue Variance Alert Threshold | B10: 0.05 | L10: Property Operations & Maintenance | N10: Bank or Merchant Report | O10: Parking Revenue
A11: Expense Variance Alert Threshold | B11: 0.05 | L11: Utilities | N11: Other Source | O11: Other Operating Revenue
A12: Duplicate Source References Allowed | B12: No | L12: Fixed Charges | O12: Rooms Payroll
A13: Default Reporting Year | B13: 2026 | O13: Rooms Payroll Taxes and Benefits
O14: Guest Supplies
A15: Month | B15: Available Room Nights | C15: Rooms Sold | D15: Room Revenue | E15: Occupied Rooms Payroll Hours | F15: Total Labor Cost | G15: Guest Satisfaction Score | H15: Notes | I15: Data Check | O15: Linen and Laundry
A16: 46023 | B16: 3720 | C16: 2418 | D16: 250863 | E16: 4330 | F16: 118450 | G16: 86.2 | H16: Winter leisure and corporate demand | I16: =IFERROR(IF(A16="","",IF(B16=0,"Review: Available room nights is zero",IF(C16>B16,"Review: Rooms sold exceeds available room nights",IF(COUNTIF($A$16:$A$135,A16)>1,"Review: Duplicate month","OK")))),"") | O16: Reservation and Distribution Fees
A17: 46054 | B17: 3360 | C17: 2285 | D17: 244495 | E17: 4190 | F17: 116880 | G17: 87 | H17: Presidents' Day weekend demand | I17: =IFERROR(IF(A17="","",IF(B17=0,"Review: Available room nights is zero",IF(C17>B17,"Review: Rooms sold exceeds available room nights",IF(COUNTIF($A$16:$A$135,A17)>1,"Review: Duplicate month","OK")))),"") | O17: Complimentary Guest Services
A18: 46082 | B18: 3720 | C18: 2716 | D18: 301476 | E18: 4710 | F18: 129640 | G18: 87.6 | H18: Spring group business increased | I18: =IFERROR(IF(A18="","",IF(B18=0,"Review: Available room nights is zero",IF(C18>B18,"Review: Rooms sold exceeds available room nights",IF(COUNTIF($A$16:$A$135,A18)>1,"Review: Duplicate month","OK")))),"") | O18: Other Rooms Expense
A19: 46113 | B19: 3600 | C19: 2700 | D19: 310500 | E19: 4820 | F19: 133250 | G19: 88.1 | H19: Strong meeting and event activity | I19: =IFERROR(IF(A19="","",IF(B19=0,"Review: Available room nights is zero",IF(C19>B19,"Review: Rooms sold exceeds available room nights",IF(COUNTIF($A$16:$A$135,A19)>1,"Review: Duplicate month","OK")))),"") | O19: Food Cost
A20: 46143 | B20: 3720 | C20: 2939 | D20: 349741 | E20: 5060 | F20: 141300 | G20: 88.7 | H20: Memorial Day leisure demand | I20: =IFERROR(IF(A20="","",IF(B20=0,"Review: Available room nights is zero",IF(C20>B20,"Review: Rooms sold exceeds available room nights",IF(COUNTIF($A$16:$A$135,A20)>1,"Review: Duplicate month","OK")))),"") | O20: Beverage Cost
A21: 46174 | B21: 3600 | C21: 2916 | D21: 284760 | E21: 5140 | F21: 146920 | G21: 89 | H21: Summer occupancy with moderated room rate | I21: =IFERROR(IF(A21="","",IF(B21=0,"Review: Available room nights is zero",IF(C21>B21,"Review: Rooms sold exceeds available room nights",IF(COUNTIF($A$16:$A$135,A21)>1,"Review: Duplicate month","OK")))),"") | O21: Food & Beverage Payroll
A22: 46204 | B22: 3720 | C22: 3236 | D22: 394792 | E22: 5470 | F22: 154880 | G22: 89.4 | H22: Peak summer leisure demand | I22: =IFERROR(IF(A22="","",IF(B22=0,"Review: Available room nights is zero",IF(C22>B22,"Review: Rooms sold exceeds available room nights",IF(COUNTIF($A$16:$A$135,A22)>1,"Review: Duplicate month","OK")))),"") | O22: Food & Beverage Payroll Taxes and Benefits
A23: 46235 | B23: 3720 | C23: 3162 | D23: 385764 | E23: 5390 | F23: 152770 | G23: 88.9 | H23: Strong family travel demand | I23: =IFERROR(IF(A23="","",IF(B23=0,"Review: Available room nights is zero",IF(C23>B23,"Review: Rooms sold exceeds available room nights",IF(COUNTIF($A$16:$A$135,A23)>1,"Review: Duplicate month","OK")))),"") | O23: Operating Supplies
A24: 46266 | B24: 3600 | C24: 2772 | D24: 340956 | E24: 4940 | F24: 143620 | G24: 88.4 | H24: Corporate and small-group recovery | I24: =IFERROR(IF(A24="","",IF(B24=0,"Review: Available room nights is zero",IF(C24>B24,"Review: Rooms sold exceeds available room nights",IF(COUNTIF($A$16:$A$135,A24)>1,"Review: Duplicate month","OK")))),"") | O24: Banquet and Event Expense
A25: 46296 | B25: 3720 | C25: 2753 | D25: 344125 | E25: 4900 | F25: 144350 | G25: 88.8 | H25: Fall events and weekend demand | I25: =IFERROR(IF(A25="","",IF(B25=0,"Review: Available room nights is zero",IF(C25>B25,"Review: Rooms sold exceeds available room nights",IF(COUNTIF($A$16:$A$135,A25)>1,"Review: Duplicate month","OK")))),"") | O25: Other Food & Beverage Expense
I26: =IFERROR(IF(A26="","",IF(B26=0,"Review: Available room nights is zero",IF(C26>B26,"Review: Rooms sold exceeds available room nights",IF(COUNTIF($A$16:$A$135,A26)>1,"Review: Duplicate month","OK")))),"") | O26: Other Department Payroll
I27: =IFERROR(IF(A27="","",IF(B27=0,"Review: Available room nights is zero",IF(C27>B27,"Review: Rooms sold exceeds available room nights",IF(COUNTIF($A$16:$A$135,A27)>1,"Review: Duplicate month","OK")))),"") | O27: Other Department Cost of Sales
I28: =IFERROR(IF(A28="","",IF(B28=0,"Review: Available room nights is zero",IF(C28>B28,"Review: Rooms sold exceeds available room nights",IF(COUNTIF($A$16:$A$135,A28)>1,"Review: Duplicate month","OK")))),"") | O28: Other Department Operating Expense
I29: =IFERROR(IF(A29="","",IF(B29=0,"Review: Available room nights is zero",IF(C29>B29,"Review: Rooms sold exceeds available room nights",IF(COUNTIF($A$16:$A$135,A29)>1,"Review: Duplicate month","OK")))),"") | O29: Administrative Payroll
I30: =IFERROR(IF(A30="","",IF(B30=0,"Review: Available room nights is zero",IF(C30>B30,"Review: Rooms sold exceeds available room nights",IF(COUNTIF($A$16:$A$135,A30)>1,"Review: Duplicate month","OK")))),"") | O30: Credit Card Fees
I31: =IFERROR(IF(A31="","",IF(B31=0,"Review: Available room nights is zero",IF(C31>B31,"Review: Rooms sold exceeds available room nights",IF(COUNTIF($A$16:$A$135,A31)>1,"Review: Duplicate month","OK")))),"") | O31: Professional Fees
I32: =IFERROR(IF(A32="","",IF(B32=0,"Review: Available room nights is zero",IF(C32>B32,"Review: Rooms sold exceeds available room nights",IF(COUNTIF($A$16:$A$135,A32)>1,"Review: Duplicate month","OK")))),"") | O32: Office and Technology Expense
I33: =IFERROR(IF(A33="","",IF(B33=0,"Review: Available room nights is zero",IF(C33>B33,"Review: Rooms sold exceeds available room nights",IF(COUNTIF($A$16:$A$135,A33)>1,"Review: Duplicate month","OK")))),"") | O33: Insurance Expense
I34: =IFERROR(IF(A34="","",IF(B34=0,"Review: Available room nights is zero",IF(C34>B34,"Review: Rooms sold exceeds available room nights",IF(COUNTIF($A$16:$A$135,A34)>1,"Review: Duplicate month","OK")))),"") | O34: Other Administrative Expense
I35: =IFERROR(IF(A35="","",IF(B35=0,"Review: Available room nights is zero",IF(C35>B35,"Review: Rooms sold exceeds available room nights",IF(COUNTIF($A$16:$A$135,A35)>1,"Review: Duplicate month","OK")))),"") | O35: Sales Payroll
I36: =IFERROR(IF(A36="","",IF(B36=0,"Review: Available room nights is zero",IF(C36>B36,"Review: Rooms sold exceeds available room nights",IF(COUNTIF($A$16:$A$135,A36)>1,"Review: Duplicate month","OK")))),"") | O36: Advertising and Promotions
I37: =IFERROR(IF(A37="","",IF(B37=0,"Review: Available room nights is zero",IF(C37>B37,"Review: Rooms sold exceeds available room nights",IF(COUNTIF($A$16:$A$135,A37)>1,"Review: Duplicate month","OK")))),"") | O37: Commission Expense
... I56: =IFERROR(IF(A56="","",IF(B56=0,"Review: Available room nights is zero",IF(C56>B56,"Review: Rooms sold exceeds available room nights",IF(COUNTIF($A$16:$A$135,A56)>1,"Review: Duplicate month","OK")))),"") | O56: Other Fixed Charges
I57: =IFERROR(IF(A57="","",IF(B57=0,"Review: Available room nights is zero",IF(C57>B57,"Review: Rooms sold exceeds available room nights",IF(COUNTIF($A$16:$A$135,A57)>1,"Review: Duplicate month","OK")))),"")
I58: =IFERROR(IF(A58="","",IF(B58=0,"Review: Available room nights is zero",IF(C58>B58,"Review: Rooms sold exceeds available room nights",IF(COUNTIF($A$16:$A$135,A58)>1,"Review: Duplicate month","OK")))),"")
I59: =IFERROR(IF(A59="","",IF(B59=0,"Review: Available room nights is zero",IF(C59>B59,"Review: Rooms sold exceeds available room nights",IF(COUNTIF($A$16:$A$135,A59)>1,"Review: Duplicate month","OK")))),"")
I60: =IFERROR(IF(A60="","",IF(B60=0,"Review: Available room nights is zero",IF(C60>B60,"Review: Rooms sold exceeds available room nights",IF(COUNTIF($A$16:$A$135,A60)>1,"Review: Duplicate month","OK")))),"")
I61: =IFERROR(IF(A61="","",IF(B61=0,"Review: Available room nights is zero",IF(C61>B61,"Review: Rooms sold exceeds available room nights",IF(COUNTIF($A$16:$A$135,A61)>1,"Review: Duplicate month","OK")))),"")
I62: =IFERROR(IF(A62="","",IF(B62=0,"Review: Available room nights is zero",IF(C62>B62,"Review: Rooms sold exceeds available room nights",IF(COUNTIF($A$16:$A$135,A62)>1,"Review: Duplicate month","OK")))),"")
I63: =IFERROR(IF(A63="","",IF(B63=0,"Review: Available room nights is zero",IF(C63>B63,"Review: Rooms sold exceeds available room nights",IF(COUNTIF($A$16:$A$135,A63)>1,"Review: Duplicate month","OK")))),"")
I64: =IFERROR(IF(A64="","",IF(B64=0,"Review: Available room nights is zero",IF(C64>B64,"Review: Rooms sold exceeds available room nights",IF(COUNTIF($A$16:$A$135,A64)>1,"Review: Duplicate month","OK")))),"")
I65: =IFERROR(IF(A65="","",IF(B65=0,"Review: Available room nights is zero",IF(C65>B65,"Review: Rooms sold exceeds available room nights",IF(COUNTIF($A$16:$A$135,A65)>1,"Review: Duplicate month","OK")))),"")
I66: =IFERROR(IF(A66="","",IF(B66=0,"Review: Available room nights is zero",IF(C66>B66,"Review: Rooms sold exceeds available room nights",IF(COUNTIF($A$16:$A$135,A66)>1,"Review: Duplicate month","OK")))),"")
I67: =IFERROR(IF(A67="","",IF(B67=0,"Review: Available room nights is zero",IF(C67>B67,"Review: Rooms sold exceeds available room nights",IF(COUNTIF($A$16:$A$135,A67)>1,"Review: Duplicate month","OK")))),"")
I68: =IFERROR(IF(A68="","",IF(B68=0,"Review: Available room nights is zero",IF(C68>B68,"Review: Rooms sold exceeds available room nights",IF(COUNTIF($A$16:$A$135,A68)>1,"Review: Duplicate month","OK")))),"")
... I135: =IFERROR(IF(A135="","",IF(B135=0,"Review: Available room nights is zero",IF(C135>B135,"Review: Rooms sold exceeds available room nights",IF(COUNTIF($A$16:$A$135,A135)>1,"Review: Duplicate month","OK")))),"")
